Workbook

Sheet How to Use
B2: You cannot have access to EDIT this sheet, read below.
B4: To Edit this Spreadsheet:
B6: 1 | C6: Open the File Menu.
B7: 2 | C7: Select "Copy to my Drive"
B8: 3 | C8: This will automatically open an editable copy to your Google Drive
B11: To Use this Spreadsheet:
B13: 1 | C13: Open the sheet for the desired Gladiator model.
B14: 2 | C14: Select the desired features in Column G by placing an x
B15: 3 | C15: In the 2nd section, place an x next to the expected Invoice discount
B16: 4 | C16: Fill any relevant trade-in, deposit or dealer fees
B17: 5 | C17: Set the tax rate for your area
B18: 6 | C18: For financing, enter the interest rate you're getting
B19: 7 | C19: For financing, set the term of your loan in months (eg. 72 mos = 6 years)
C21: Buy Me a cup of Coffee (or something)
C23: ONLY EDIT YELLOW CELLS
C24: Blue text is calculated, DO NOT EDIT.
C25: Red text indicates price changes based on options selected.
H26: Last Edited: January 8, 2021

Sheet Sport
A1: Custom | B1: To Edit, Open File Menu and choose "Make a Copy" | H1: Buy Me a cup of Coffee (or something)
A2: CODE | B2: Option | C2: Invoice | D2: MSRP | E2: Extended Invoice | F2: Extended MSRP | G2: Build | H2: Enter X within the Build column (G4-23) by each desired feature.
A3: 2_B | B3: JT SPORT | C3: 32978 | D3: 33565 | E3: =IF(G3="x",C3,0) -> 32978 | F3: =IF(G3="x",D3,0) -> 33565 | G3: x | H3: Notes/Requirements
A4: DFT | B4: 8-Speed Automatic 850RE Transmission | C4: 1800 | D4: 2000 | E4: =IF(G4="x",C4,0) -> 0 | F4: =IF(G4="x",D4,0) -> 0
A5: DFV | B5: 8-Speed Automatic 8HP75 Transmission | C5: 1800 | D5: 2000 | E5: =IF(G5="x",C5,0) -> 0 | F5: =IF(G5="x",D5,0) -> 0
A6: EXJ | B6: 3.0L V6 Turbo Diesel Engine w/ESS | C6: 3600 | D6: 4000 | E6: =IF(G6="x",C6,0) -> 0 | F6: =IF(G6="x",D6,0) -> 0
A7: CWA | B7: All Weather Floor Mats | C7: 149 | D7: 165 | E7: =IF(G7="x",C7,0) -> 0 | F7: =IF(G7="x",D7,0) -> 0
A8: DSA | B8: Trac-Lok Anti-Spin Rear Differential | C8: =if(or(G6="x",G14="x"),0,536) -> 536 | D8: =if(or(G6="x",G14="x"),0,595) -> 595 | E8: =IF(G8="x",C8,0) -> 0 | F8: =IF(G8="x",D8,0) -> 0 | H8: =if(or(G14="x",G6="x"),"Trac-Lok (DSA) included with Max Tow (AJQ)[F12] or V6 Turbo Diesel (EXJ) [F5]","")
A9: AM2 | B9: Aux Switch Group | C9: 266 | D9: 295 | E9: =IF(G9="x",C9,0) -> 0 | F9: =IF(G9="x",D9,0) -> 0
A10: HT1 | B10: Black Freedom Top 3-Piece Hard Top | C10: 1256 | D10: 1395 | E10: =IF(G10="x",C10,0) -> 0 | F10: =IF(G10="x",D10,0) -> 0
A11: GCD | B11: Deep Tint Windows | C11: 446 | D11: 495 | E11: =IF(G11="x",C11,0) -> 0 | F11: =IF(G11="x",D11,0) -> 0
A12: NHK | B12: Engine Block Heater | C12: 86 | D12: 95 | E12: =IF(G12="x",C12,0) -> 0 | F12: =IF(G12="x",D12,0) -> 0
A13: XWX | B13: Jeep Trail Rated Kit | C13: 180 | D13: 200 | E13: =IF(G13="x",C13,0) -> 0 | F13: =IF(G13="x",D13,0) -> 0
A14: AJQ | B14: Max Tow Package w/ 4.10 Axle Ratio | C14: 1120 | D14: 1245 | E14: =IF(G14="x",C14,0) -> 0 | F14: =IF(G14="x",D14,0) -> 0 | H14: =if(and(G14="x",G4=""),"Requires (DFT) Automatic Transmission [G4]","")
A15: CSD | B15: Roll-Up Tonneau Cover | C15: 536 | D15: 595 | E15: =IF(G15="x",C15,0) -> 0 | F15: =IF(G15="x",D15,0) -> 0 | H15: =if(G22="x","N/A with Mopar Soft Tri-fold (CT6) [F15]","")
A16: RSD | B16: SiriusXM w/ 1-Year Radio Subscription | C16: 266 | D16: 295 | E16: =IF(G16="x",C16,0) -> 0 | F16: =IF(G16="x",D16,0) -> 0
A17: AWS | B17: Smokers Group | C17: 27 | D17: 30 | E17: =IF(G17="x",C17,0) -> 0 | F17: =IF(G17="x",D17,0) -> 0
A18: CWJ | B18: Soft Top Window Storage Bag | C18: 68 | D18: 75 | E18: =IF(G18="x",C18,0) -> 0 | F18: =IF(G18="x",D18,0) -> 0
A19: XMF | B19: Spray-In Bedliner | C19: 446 | D19: 495 | E19: =IF(G19="x",C19,0) -> 0 | F19: =IF(G19="x",D19,0) -> 0
A20: ABR | B20: Trailer Tow | C20: =if(G14="x",0,316) -> 316 | D20: =if(G14="x",0,350) -> 350 | E20: =IF(G20="x",C20,0) -> 0 | F20: =IF(G20="x",D20,0) -> 0 | H20: =if(and(G20="x",G14="x"),"Included with Max Tow Package (AJQ)","")
A21: CSU | B21: Mopar Hard Tri-fold Tonneau Cover | C21: 896 | D21: 995 | E21: =IF(G21="x",C21,0) -> 0 | F21: =IF(G21="x",D21,0) -> 0 | H21: =if(or(G15="x",G22="x"),"N/A with Roll-Up Tonneau (CSD) [F13] or Mopar Soft Tri-fold (CT6) [F20]","")
A22: CT6 | B22: Mopar Soft Tri-fold Tonneau Cover | C22: 563 | D22: 625 | E22: =IF(G22="x",C22,0) -> 0 | F22: =IF(G22="x",D22,0) -> 0 | H22: =if(or(G15="x",G21="x"),"N/A with Roll-Up Tonneau (CSD) [F13] or Mopar Hard Tri-fold (CSU) [F19]","")
B23: "Non-White" Paint Color Surcharge | C23: 220 | D23: 245 | E23: =IF(G23="x",C23,0) -> 0 | F23: =IF(G23="x",D23,0) -> 0 | H23: Required for any color other than White
B24: ='Mopar Add-Ons'!B24 -> Total Mopar Add-On Cost | E24: ='Mopar Add-Ons'!E24 -> 0 | F24: ='Mopar Add-Ons'!F24 -> 0 | H24: ='Mopar Add-Ons'!H24 -> Price pulled from sheet "Mopar Add-Ons"
B25: TOTAL | E25: =SUM(E3:E24) -> 32978 | F25: =SUM(F3:F24) -> 33565
B26: Jeep.com Configurator Price | F26: =F25+D32 -> 35060
B28: MSRP | D28: =F25 -> 33565 | F28: Pick ONE (1) of the values calculated in column D and enter the letter X into the corresponding cell on the right (column E).
B29: Invoice | D29: =E25 -> 32978
B30: % Below Invoice | C30: 0.03 | D30: =E25*(1-C30) -> 31988.66
B31: Custom
B32: Price + Destination Charge | D32: 1495 | E32: =(((SUM(((IF(E28="x",D28,0))+IF(E29="x",D29,0))+IF(E30="x",D30,0))+(IF(E31="x",D31,0))))+D32) -> 1495
B33: Trade In (if applicable) | F33: Enter trade-in value or leave blank.
B34: Downpayment (if applicable) | F34: Enter downpayment or leave blank.
B35: Dealer Fees (if applicable) | F35: Enter dealer fees or leave blank.
B36: Other Costs (if applicable) | F36: Enter other costs or leave blank.
B37: Taxes (if applicable) | D37: 0.085 | E37: =(E32-E33+E35+E36)*D37 -> 127.075 | F37: Enter tax rate in Column D
B38: FINAL TOTAL | E38: =sum(E32-E33-E34+E35+E36+E37) -> 1622.075
C40: FINANCING
C41: Amount | E41: =E38 -> 1622.075 | F41: Auto fills from FINAL TOTAL.
C42: Rate | E42: 0.049 | F42: Enter rate (will auto convert to %).
C43: Length (months) | E43: 72 | F43: Enter total months to pay off loan.
C44: MONTHLY PYMT | E44: =PMT(E42/12,E43,-E41) -> 26.048234
H46: Last Updated October 21st, 2020

Sheet Willys Sport
A1: Custom | B1: To Edit, Open File Menu and choose "Make a Copy" | H1: Buy Me a cup of Coffee (or something)
A2: CODE | B2: Option | C2: Invoice | D2: MSRP | E2: Extended Invoice | F2: Extended MSRP | G2: Build | H2: Enter X within the Build column (G4-20) by each desired feature.
A3: 2_B | B3: JT WILLYS SPORT | C3: 34508 | D3: 35265 | E3: =IF(G3="x",C3,0) -> 34508 | F3: =IF(G3="x",D3,0) -> 35265 | G3: x | H3: Notes/Requirements
A4: DFT | B4: 8-Speed Automatic 850RE Transmission | C4: 1800 | D4: 2000 | E4: =IF(G4="x",C4,0) -> 0 | F4: =IF(G4="x",D4,0) -> 0
A5: DFV | B5: 8-Speed Automatic 8HP75 Transmission | C5: 1800 | D5: 2000 | E5: =IF(G5="x",C5,0) -> 1800 | F5: =IF(G5="x",D5,0) -> 2000 | G5: x
A6: EXJ | B6: 3.0L V6 Turbo Diesel Engine w/ESS | C6: 3600 | D6: 4000 | E6: =IF(G6="x",C6,0) -> 3600 | F6: =IF(G6="x",D6,0) -> 4000 | G6: x
A7: CWA | B7: All Weather Floor Mats | C7: 149 | D7: 165 | E7: =IF(G7="x",C7,0) -> 0 | F7: =IF(G7="x",D7,0) -> 0
A8: AM2 | B8: Aux Switch Group | C8: 266 | D8: 295 | E8: =IF(G8="x",C8,0) -> 266 | F8: =IF(G8="x",D8,0) -> 295 | G8: x
A9: HT1 | B9: Black Freedom Top 3-Piece Hard Top | C9: 1256 | D9: 1395 | E9: =IF(G9="x",C9,0) -> 1256 | F9: =IF(G9="x",D9,0) -> 1395 | G9: x
A10: NHK | B10: Engine Block Heater | C10: 86 | D10: 95 | E10: =IF(G10="x",C10,0) -> 0 | F10: =IF(G10="x",D10,0) -> 0
A11: XWX | B11: Jeep Trail Rated Kit | C11: 180 | D11: 200 | E11: =IF(G11="x",C11,0) -> 0 | F11: =IF(G11="x",D11,0) -> 0
A12: CSD | B12: Roll-Up Tonneau Cover | C12: 536 | D12: 595 | E12: =IF(G12="x",C12,0) -> 0 | F12: =IF(G12="x",D12,0) -> 0 | H12: =if(G19="x","N/A with Mopar Soft Tri-fold (CT6) [F15]","")
A13: RSD | B13: SiriusXM w/ 1-Year Radio Subscription | C13: 266 | D13: 295 | E13: =IF(G13="x",C13,0) -> 0 | F13: =IF(G13="x",D13,0) -> 0
A14: AWS | B14: Smokers Group | C14: 27 | D14: 30 | E14: =IF(G14="x",C14,0) -> 0 | F14: =IF(G14="x",D14,0) -> 0
A15: CWJ | B15: Soft Top Window Storage Bag | C15: 68 | D15: 75 | E15: =IF(G15="x",C15,0) -> 0 | F15: =IF(G15="x",D15,0) -> 0
A16: XMF | B16: Spray-In Bedliner | C16: 446 | D16: 495 | E16: =IF(G16="x",C16,0) -> 446 | F16: =IF(G16="x",D16,0) -> 495 | G16: x
A17: ABR | B17: Trailer Tow | C17: 316 | D17: 350 | E17: =IF(G17="x",C17,0) -> 316 | F17: =IF(G17="x",D17,0) -> 350 | G17: x
A18: CSU | B18: Mopar Hard Tri-fold Tonneau Cover | C18: 896 | D18: 995 | E18: =IF(G18="x",C18,0) -> 0 | F18: =IF(G18="x",D18,0) -> 0 | H18: =if(or(G12="x",G19="x"),"N/A with Roll-Up Tonneau (CSD) [F13] or Mopar Soft Tri-fold (CT6) [F20]","")
A19: CT6 | B19: Mopar Soft Tri-fold Tonneau Cover | C19: 563 | D19: 625 | E19: =IF(G19="x",C19,0) -> 0 | F19: =IF(G19="x",D19,0) -> 0 | H19: =if(or(G12="x",G18="x"),"N/A with Roll-Up Tonneau (CSD) [F13] or Mopar Hard Tri-fold (CSU) [F19]","")
B20: "Non-White" Paint Color Surcharge | C20: 220 | D20: 245 | E20: =IF(G20="x",C20,0) -> 220 | F20: =IF(G20="x",D20,0) -> 245 | G20: x | H20: Required for any color other than White
B21: ='Mopar Add-Ons'!B24 -> Total Mopar Add-On Cost | E21: ='Mopar Add-Ons'!E24 -> 0 | F21: ='Mopar Add-Ons'!F24 -> 0 | H21: ='Mopar Add-Ons'!H24 -> Price pulled from sheet "Mopar Add-Ons"
B22: TOTAL | E22: =SUM(E3:E21) -> 42412 | F22: =SUM(F3:F21) -> 44045
B23: Jeep.com Configurator Price | F23: =F22+D38 -> 44045
B25: MSRP | D25: =F22 -> 44045 | F25: Pick ONE (1) of the values calculated in column D and enter the letter X into the corresponding cell on the right (column E). | H25: Willys Additions Include:
B26: Invoice | D26: =E22 -> 42412 | E26: x | H26: * Black Aluminum Wheels
B27: % Below Invoice | C27: 0.03 | D27: =E22*(1-C27) -> 41139.64 | H27: * All Weather Slush Mats
B28: Custom | H28: * Body Color Fenders
B29: Price + Destination Charge | D29: 1495 | E29: =(((SUM(((IF(E25="x",D25,0))+IF(E26="x",D26,0))+IF(E27="x",D27,0))+(IF(E28="x",D28,0))))+D29) -> 43907 | H29: * Trac-Lok (Limited Slip)
B30: Trade In (if applicable) | F30: Enter trade-in value or leave blank. | H30: * Black Grille
B31: Downpayment (if applicable) | E31: 13000 | F31: Enter downpayment or leave blank. | H31: * Red Heavy Duty Red Shocks (Front & Rear) - Same as Max Tow, but red
B32: Dealer Fees (if applicable) | F32: Enter dealer fees or leave blank. | H32: * LT255/75R17C Tires
B33: Other Costs (if applicable) | F33: Enter other costs or leave blank. | H33: * Mojave/Rubicon "protection sills"
B34: Taxes (if applicable) | D34: 0.095 | E34: =(E29-E30+E32+E33)*D34 -> 4171.165 | F34: Enter tax rate in Column D
B35: FINAL TOTAL | E35: =sum(E29-E30-E31+E32+E33+E34) -> 35078.165
C37: FINANCING
C38: Amount | E38: =E35 -> 35078.165 | F38: Auto fills from FINAL TOTAL.
C39: Rate | E39: 0.029 | F39: Enter rate (will auto convert to %).
C40: Length (months) | E40: 72 | F40: Enter total months to pay off loan.
C41: MONTHLY PYMT | E41: =PMT(E39/12,E40,-E38) -> 531.39841
H43: Last Updated October 21st, 2020

Sheet Sport S
B1: To Edit, Open File Menu and choose "Make a Copy" | H1: Buy Me a cup of Coffee (or something)
A2: Code | B2: Option | C2: Invoice | D2: MSRP | E2: Extended Invoice | F2: Extended MSRP | G2: Build | H2: Enter X within the Build column (G4-37) by each desired feature.
A3: 2_S | B3: JT SPORT S | C3: 35858 | D3: 36765 | E3: =IF(G3="x",C3,0) -> 35858 | F3: =IF(G3="x",D3,0) -> 36765 | G3: x | H3: Notes/Requirements
A4: DFT | B4: 8-Speed Automatic 850Re Transmission | C4: 1800 | D4: 2000 | E4: =IF(G4="x",C4,0) -> 0 | F4: =IF(G4="x",D4,0) -> 0 | H4: =if(and(G4="x",G5="x"),"N/A with multiple Transmission selections","")
A5: DFV | B5: 8-Speed Automatic 8HP75 Transmission | C5: 1800 | D5: 2000 | E5: =IF(G5="x",C5,0) -> 0 | F5: =IF(G5="x",D5,0) -> 0 | H5: =if(and(G5="x",G6=""),"Requires V6 Turbo","")
A6: EXJ | B6: 3.0L V6 Turbo Diesel Engine w/ESS | C6: 3600 | D6: 4000 | E6: =IF(G6="x",C6,0) -> 0 | F6: =IF(G6="x",D6,0) -> 0 | H6: =if(and(G6="x",G5=""),"Requires DFV 8-Speed Transmission","")
A7: AEK | B7: 8.4" Radio & Premium Audio Group | C7: 1796 | D7: 1995 | E7: =IF(G7="x",C7,0) -> 0 | F7: =IF(G7="x",D7,0) -> 0 | H7: =if(and(G7="x",G33=""),"Requires Technology Group (AAN)","")
A8: ALP | B8: Advanced Safety Group | C8: 716 | D8: 795 | E8: =IF(G8="x",C8,0) -> 0 | F8: =IF(G8="x",D8,0) -> 0 | H8: =if(and(G8="x",G26=""),"Requires Safety Group (AJ1)","")
A9: CWA | B9: All Weather Slush Mats | C9: 149 | D9: 165 | E9: =IF(G9="x",C9,0) -> 0 | F9: =IF(G9="x",D9,0) -> 0
A10: RC4 | B10: Alpine Premium Audio System | C10: =if(G7="x",0,1166) -> 1166 | D10: =if(G7="x",0,1295) -> 1295 | E10: =IF(G10="x",C10,0) -> 0 | F10: =IF(G10="x",D10,0) -> 0 | H10: =if(G7="x","Included with Premium Audio Group","")
A11: DSA | B11: Anti-Spin Rear Differential {Trac-Lok} | C11: =if(or(G6="x",G22="x"),0,536) -> 536 | D11: =if(or(G6="x",G22="x"),0,595) -> 595 | E11: =IF(G11="x",C11,0) -> 0 | F11: =IF(G11="x",D11,0) -> 0 | H11: =if(or(G22="x",G5="x"),"Included with Max Tow (AJQ) [G21] or V6 Turbo Diesel (EXJ) [G6]","")
A12: AM2 | B12: Auxiliary Switch Group | C12: 266 | D12: 295 | E12: =IF(G12="x",C12,0) -> 0 | F12: =IF(G12="x",D12,0) -> 0
A13: HT1 | B13: Black 3-Piece Hard Top | C13: =if(or(G17="x",G23="x"),0,1256) -> 1256 | D13: =if(or(G17="x",G23="x"),0,1395) -> 1395 | E13: =IF(G13="x",C13,0) -> 0 | F13: =IF(G13="x",D13,0) -> 0 | H13: =if(or(G17="x",G23="x"),"Included with Dual Top Group (AEN) or Popular Equipment Package (AEH)","")
A14: CMD | B14: Cargo Management Group w/ Trail Rail System | C14: 806 | D14: 895 | E14: =IF(G14="x",C14,0) -> 0 | F14: =IF(G14="x",D14,0) -> 0
A15: ADE | B15: Cold Weather Group | C15: =if(or(and(G4="",G5=""),G23="x"),626,896) -> 626 | D15: =if(or(and(G4="",G5=""),G23="x"),695,995) -> 695 | E15: =IF(G15="x",C15,0) -> 0 | F15: =IF(G15="x",D15,0) -> 0
A16: ADC | B16: Convenience Group | C16: =if(G23="x",0,IF(or(G4="",G15="x"),356,536)) -> 356 | D16: =if(G23="x",0,IF(or(G4="",G15="x"),395,595)) -> 395 | E16: =IF(G16="x",C16,0) -> 0 | F16: =IF(G16="x",D16,0) -> 0 | H16: =if(G23="x","Included with Popular Equipment Package (AEH)","")
A17: AEN | B17: Dual Top Group | C17: =if(G23="x",990,2156) -> 2156 | D17: =if(G23="x",1100,2395) -> 2395 | E17: =IF(G17="x",C17,0) -> 0 | F17: =IF(G17="x",D17,0) -> 0 | H17: =if(AND(G17="x",G25="",G36="",G37=""),"Requires Tonneau Option;Roll-Up (CSD), Hard Tri-fold (CSU) or Soft Tri-fold (CT6)","")
A18: NHK | B18: Engine Block Heater | C18: 86 | D18: 95 | E18: =IF(G18="x",C18,0) -> 0 | F18: =IF(G18="x",D18,0) -> 0
A19: ADA | B19: LED Headlamp and Fog Lamp Group | C19: 913 | D19: 1015 | E19: =IF(G19="x",C19,0) -> 0 | F19: =IF(G19="x",D19,0) -> 0 | H19: =(if(and(G19="x",G26=""),"Requires Safety Group (AJ1)",""))
A20: CHD | B20: Hardtop Headliner | C20: 500 | D20: 595 | E20: =IF(G20="x",C20,0) -> 0 | F20: =IF(G20="x",D20,0) -> 0 | H20: =if(G20="x",if(or(G17="x",G13="x"),"","Requires Dual Top Group (AEN) or Black 3-Pc Hard Top (HT1)"),"")
A21: XWX | B21: Jeep Trail Rated Kit | C21: 180 | D21: 200 | E21: =IF(G21="x",C21,0) -> 0 | F21: =IF(G21="x",D21,0) -> 0
A22: AJQ | B22: Max Tow Package w/ 4.10 Axle Ratio | C22: 1120 | D22: 1245 | E22: =IF(G22="x",C22,0) -> 0 | F22: =IF(G22="x",D22,0) -> 0 | H22: =if(G5="x","N/A with 8HP75 Automatic Transmission (DFV)","")
A23: AEH | B23: Popular Equipment Package | C23: 1256 | D23: 1395 | E23: =IF(G23="x",C23,0) -> 0 | F23: =IF(G23="x",D23,0) -> 0
A24: STB | B24: Premium Black Sunrider Soft Top | C24: =if(G17="x",0,536) -> 536 | D24: =if(G17="x",0,595) -> 595 | E24: =IF(G24="x",C24,0) -> 0 | F24: =IF(G24="x",D24,0) -> 0 | H24: =if(G17="x","Included with AEN (Dual Top Group)[F17]","")
A25: CSD | B25: Roll-Up Tonneau Cover | C25: 536 | D25: 595 | E25: =IF(G25="x",C25,0) -> 0 | F25: =IF(G25="x",D25,0) -> 0 | H25: =if(G37="x","N/A with Mopar Soft Tri-fold (CT6) [F23]","")
A26: AJ1 | B26: Safety Group | C26: 896 | D26: 995 | E26: =IF(G26="x",C26,0) -> 0 | F26: =IF(G26="x",D26,0) -> 0
A27: DHP | B27: Selec-Trac Full TIme 4WD System | C27: 626 | D27: 695 | E27: =IF(G27="x",C27,0) -> 0 | F27: =IF(G27="x",D27,0) -> 0 | H27: =if(and(G27="x",G4=""),"Requires 8-Speed Automatic 850Re Transmission (DFT)","")
A28: MRK | B28: Side Steps | C28: 626 | D28: 695 | E28: =IF(G28="x",C28,0) -> 0 | F28: =IF(G28="x",D28,0) -> 0
A29: RSD | B29: SiriusXM w/ 1-Year Radio Subscription | C29: =if(G33="x",0,266) -> 266 | D29: =if(G33="x",0,295) -> 295 | E29: =IF(G29="x",C29,0) -> 0 | F29: =IF(G29="x",D29,0) -> 0 | H29: =if(G33="x","Included with Technology Group (AAN)","")
A30: XHC | B30: Smokers Group | C30: 27 | D30: 30 | E30: =IF(G30="x",C30,0) -> 0 | F30: =IF(G30="x",D30,0) -> 0
A31: CWJ | B31: Soft Top Window Storage Bag | C31: 68 | D31: 75 | E31: =IF(G31="x",C31,0) -> 0 | F31: =IF(G31="x",D31,0) -> 0 | H31: =if(G31="x",if(or(G17="x",G24="x"),"","Requires STB (Premium Soft Top)[F18] or AEN (Dual Top Group)[F17]"),"")
A32: XMF | B32: Spray-In Bedliner | C32: 446 | D32: 495 | E32: =IF(G32="x",C32,0) -> 0 | F32: =IF(G32="x",D32,0) -> 0
A33: AAN | B33: Technology Group | C33: =if(G23="x",0,626) -> 626 | D33: =if(G23="x",0,695) -> 695 | E33: =IF(G33="x",C33,0) -> 0 | F33: =IF(G33="x",D33,0) -> 0 | H33: =if(and(G33="x",G16=""),"Requires Convenience Group (ADC)","")
A34: ABR | B34: Trailer Tow Package | C34: =if(or(G22="x",G23="x"),0,316) -> 316 | D34: =if(or(G22="x",G23="x"),0,350) -> 350 | E34: =IF(G34="x",C34,0) -> 0 | F34: =IF(G34="x",D34,0) -> 0 | H34: =if(or(G22="x",G23="x"),"Included with Max TowPackage (AJQ) or Popular Equipment Package (AEH)","")
A35: RSJ | B35: Wireless Blutooth Speaker | C35: 266 | D35: 295 | E35: =IF(G35="x",C35,0) -> 0 | F35: =IF(G35="x",D35,0) -> 0 | H35: =if(G35="x",if(or(G7="x",G10="x"),"","Requires 8.4 Radio (AEK) or Alpine Premium Audio (RC4)"),"")
A36: CSU | B36: Mopar Hard Tri-fold Tonneau Cover | C36: 896 | D36: 995 | E36: =IF(G36="x",C36,0) -> 0 | F36: =IF(G36="x",D36,0) -> 0 | H36: =if(or(G25="x",G37="x"),"N/A with Roll-Up Tonneau (CSD) [F21] or Mopar Soft Tri-fold (CT6) [F23]","")
A37: CT6 | B37: Mopar Soft Tri-fold Tonneau Cover | C37: 563 | D37: 625 | E37: =IF(G37="x",C37,0) -> 0 | F37: =IF(G37="x",D37,0) -> 0 | H37: =if(or(G25="x",G36="x"),"N/A with Roll-Up Tonneau (CSD) [F21] or Mopar Hard Tri-fold (CSU) [F22]","")
B38: "Non-White" Paint Color Surcharge | C38: 220 | D38: 245 | E38: =IF(G38="x",C38,0) -> 0 | F38: =IF(G38="x",D38,0) -> 0 | H38: Required for any color other than White
B39: ='Mopar Add-Ons'!B24 -> Total Mopar Add-On Cost | E39: ='Mopar Add-Ons'!E24 -> 0 | F39: ='Mopar Add-Ons'!F24 -> 0 | H39: ='Mopar Add-Ons'!H24 -> Price pulled from sheet "Mopar Add-Ons"
B40: TOTAL | E40: =SUM(E3:E39) -> 35858 | F40: =SUM(F3:F39) -> 36765
B41: Jeep.com Configurator Price | F41: =F40+D57 -> 36765
B43: MSRP | D43: =F40 -> 36765 | F43: Pick ONE (1) of the values calculated in column D and enter the letter X into the corresponding cell on the right (column E).
B44: Invoice | D44: =E40 -> 35858
B45: % Below Invoice | C45: 0.03 | D45: =E40*(1-C45) -> 34782.26
B46: Custom
B47: Price + Destination Charge | D47: 1495 | E47: =(((SUM(((IF(E43="x",D43,0))+IF(E44="x",D44,0))+IF(E45="x",D45,0))+(IF(E46="x",D46,0))))+D47) -> 1495
B48: Trade In (if applicable) | F48: Enter trade-in value or leave blank.
B49: Downpayment (if applicable) | F49: Enter downpayment or leave blank.
B50: Dealer Fees (if applicable) | F50: Enter dealer fees or leave blank.
B51: Other Costs (if applicable) | F51: Enter other costs or leave blank.
B52: Taxes (if applicable) | D52: 0.085 | E52: =(E47-E48+E50+E51)*D52 -> 127.075 | F52: Enter tax rate in Column D
B53: FINAL TOTAL | E53: =sum(E47-E48-E49+E50+E51+E52) -> 1622.075
C55: FINANCING
C56: Amount | E56: =E53 -> 1622.075 | F56: Auto fills from FINAL TOTAL.
C57: Rate | E57: 0.049 | F57: Enter rate (will auto convert to %).
C58: Length (months) | E58: 72 | F58: Enter total months to pay off loan.
C59: MONTHLY PYMT | E59: =PMT(E57/12,E58,-E56) -> 26.048234
H61: Last Updated October 21st, 2020

Sheet Willys
B1: To Edit, Open File Menu and choose "Make a Copy" | H1: Buy Me a cup of Coffee (or something)
A2: Code | B2: Option | C2: Invoice | D2: MSRP | E2: Extended Invoice | F2: Extended MSRP | G2: Build | H2: Enter X within the Build column (G4-34) by each desired feature.
A3: 2_S | B3: JT SPORT S | C3: 38104 | D3: 39260 | E3: =IF(G3="x",C3,0) -> 38104 | F3: =IF(G3="x",D3,0) -> 39260 | G3: x | H3: Notes/Requirements
A4: DFT | B4: 8-Speed Automatic 850Re Transmission | C4: 1800 | D4: 2000 | E4: =IF(G4="x",C4,0) -> 0 | F4: =IF(G4="x",D4,0) -> 0 | H4: =if(and(G4="x",G5="x"),"N/A with multiple Transmission selections","")
A5: DFV | B5: 8-Speed Automatic 8HP75 Transmission | C5: 1800 | D5: 2000 | E5: =IF(G5="x",C5,0) -> 1800 | F5: =IF(G5="x",D5,0) -> 2000 | G5: X | H5: =if(and(G5="x",G6=""),"Requires V6 Turbo","")
A6: EXJ | B6: 3.0L V6 Turbo Diesel Engine w/ESS | C6: 3600 | D6: 4000 | E6: =IF(G6="x",C6,0) -> 3600 | F6: =IF(G6="x",D6,0) -> 4000 | G6: X | H6: =if(and(G6="x",G5=""),"Requires DFV 8-Speed Transmission","")
A7: AEK | B7: 8.4" Radio & Premium Audio Group | C7: 1796 | D7: 1995 | E7: =IF(G7="x",C7,0) -> 1796 | F7: =IF(G7="x",D7,0) -> 1995 | G7: x | H7: =if(and(G7="x",G30=""),"Requires Technology Group (AAN)","")
A8: ALP | B8: Advanced Safety Group | C8: 716 | D8: 795 | E8: =IF(G8="x",C8,0) -> 0 | F8: =IF(G8="x",D8,0) -> 0 | H8: =if(and(G8="x",G23=""),"Requires Safety Group (AJ1)","")
A9: CWA | B9: All Weather Slush Mats | C9: 0 | D9: 0 | E9: =IF(G9="x",C9,0) -> 0 | F9: =IF(G9="x",D9,0) -> 0 | G9: x | H9: Included with Willys Package (26W)
A10: RC4 | B10: Alpine Premium Audio System | C10: =if(G7="x",0,1166) -> 0 | D10: =if(G7="x",0,1295) -> 0 | E10: =IF(G10="x",C10,0) -> 0 | F10: =IF(G10="x",D10,0) -> 0 | G10: X | H10: =if(G7="x","Included with Premium Audio Group","") -> Included with Premium Audio Group
A11: AM2 | B11: Auxiliary Switch Group | C11: 266 | D11: 295 | E11: =IF(G11="x",C11,0) -> 266 | F11: =IF(G11="x",D11,0) -> 295 | G11: X
A12: HT1 | B12: Black 3-Piece Hard Top | C12: =if(G16="x",0,1256) -> 1256 | D12: =if(G16="x",0,1395) -> 1395 | E12: =IF(G12="x",C12,0) -> 1256 | F12: =IF(G12="x",D12,0) -> 1395 | G12: X | H12: =if(G16="x","Included with Dual Top Group (AEN) or Popular Equipment Package (AEH)","")
A13: CMD | B13: Cargo Management Group w/ Trail Rail System | C13: 806 | D13: 895 | E13: =IF(G13="x",C13,0) -> 0 | F13: =IF(G13="x",D13,0) -> 0
A14: ADE | B14: Cold Weather Group | C14: 626 | D14: 695 | E14: =IF(G14="x",C14,0) -> 626 | F14: =IF(G14="x",D14,0) -> 695 | G14: X
A15: ADC | B15: Convenience Group | C15: 0 | D15: 0 | E15: =IF(G15="x",C15,0) -> 0 | F15: =IF(G15="x",D15,0) -> 0 | G15: x | H15: Included with Willys Package (26W)
A16: AEN | B16: Dual Top Group | C16: 2156 | D16: 2395 | E16: =IF(G16="x",C16,0) -> 0 | F16: =IF(G16="x",D16,0) -> 0 | H16: =if(AND(G16="x",G22="",G33="",G34=""),"Requires Tonneau Option;Roll-Up (CSD), Hard Tri-fold (CSU) or Soft Tri-fold (CT6)","")
A17: NHK | B17: Engine Block Heater | C17: 86 | D17: 95 | E17: =IF(G17="x",C17,0) -> 0 | F17: =IF(G17="x",D17,0) -> 0
A18: ADA | B18: LED Headlamp and Fog Lamp Group | C18: 913 | D18: 1015 | E18: =IF(G18="x",C18,0) -> 0 | F18: =IF(G18="x",D18,0) -> 0 | H18: =(if(and(G15="x",G23=""),"Requires Safety Group (AJ1)","")) -> Requires Safety Group (AJ1)
A19: CHD | B19: Hardtop Headliner | C19: 500 | D19: 595 | E19: =IF(G19="x",C19,0) -> 0 | F19: =IF(G19="x",D19,0) -> 0 | H19: =if(G19="x",if(or(G16="x",G12="x"),"","Requires Dual Top Group (AEN) or Black 3-Pc Hard Top (HT1)"),"")
A20: XWX | B20: Jeep Trail Rated Kit | C20: 180 | D20: 200 | E20: =IF(G20="x",C20,0) -> 0 | F20: =IF(G20="x",D20,0) -> 0
A21: STB | B21: Premium Black Sunrider Soft Top | C21: =if(G16="x",0,536) -> 536 | D21: =if(G16="x",0,595) -> 595 | E21: =IF(G21="x",C21,0) -> 0 | F21: =IF(G21="x",D21,0) -> 0 | H21: =if(G16="x","Included with AEN (Dual Top Group)[F17]","")
A22: CSD | B22: Roll-Up Tonneau Cover | C22: 536 | D22: 595 | E22: =IF(G22="x",C22,0) -> 0 | F22: =IF(G22="x",D22,0) -> 0 | H22: =if(G34="x","N/A with Mopar Soft Tri-fold (CT6) [F23]","")
A23: AJ1 | B23: Safety Group | C23: 896 | D23: 995 | E23: =IF(G23="x",C23,0) -> 0 | F23: =IF(G23="x",D23,0) -> 0
A24: DHP | B24: Selec-Trac Full TIme 4WD System | C24: 626 | D24: 695 | E24: =IF(G24="x",C24,0) -> 0 | F24: =IF(G24="x",D24,0) -> 0 | H24: =if(and(G24="x",G4=""),"Requires 8-Speed Automatic 850Re Transmission (DFT)","")
A25: MRK | B25: Side Steps | C25: 626 | D25: 695 | E25: =IF(G25="x",C25,0) -> 0 | F25: =IF(G25="x",D25,0) -> 0
A26: RSD | B26: SiriusXM w/ 1-Year Radio Subscription | C26: =if(G30="x",0,266) -> 0 | D26: =if(G30="x",0,295) -> 0 | E26: =IF(G26="x",C26,0) -> 0 | F26: =IF(G26="x",D26,0) -> 0 | G26: x | H26: =if(G30="x","Included with Technology Group (AAN)","") -> Included with Technology Group (AAN)
A27: XHC | B27: Smokers Group | C27: 27 | D27: 30 | E27: =IF(G27="x",C27,0) -> 0 | F27: =IF(G27="x",D27,0) -> 0
A28: CWJ | B28: Soft Top Window Storage Bag | C28: 68 | D28: 75 | E28: =IF(G28="x",C28,0) -> 0 | F28: =IF(G28="x",D28,0) -> 0 | H28: =if(G28="x",if(or(G16="x",G21="x"),"","Requires STB (Premium Soft Top)[F18] or AEN (Dual Top Group)[F17]"),"")
A29: XMF | B29: Spray-In Bedliner | C29: 446 | D29: 495 | E29: =IF(G29="x",C29,0) -> 446 | F29: =IF(G29="x",D29,0) -> 495 | G29: x
A30: AAN | B30: Technology Group | C30: 0 | D30: 0 | E30: =IF(G30="x",C30,0) -> 0 | F30: =IF(G30="x",D30,0) -> 0 | G30: x | H30: Included with Willys Package (26W)
A31: ABR | B31: Trailer Tow Package | C31: 316 | D31: 350 | E31: =IF(G31="x",C31,0) -> 316 | F31: =IF(G31="x",D31,0) -> 350 | G31: x
A32: RSJ | B32: Wireless Blutooth Speaker | C32: 266 | D32: 295 | E32: =IF(G32="x",C32,0) -> 0 | F32: =IF(G32="x",D32,0) -> 0 | H32: =if(G32="x",if(or(G7="x",G10="x"),"","Requires 8.4 Radio (AEK) or Alpine Premium Audio (RC4)"),"")
A33: CSU | B33: Mopar Hard Tri-fold Tonneau Cover | C33: 896 | D33: 995 | E33: =IF(G33="x",C33,0) -> 0 | F33: =IF(G33="x",D33,0) -> 0 | H33: =if(or(G22="x",G34="x"),"N/A with Roll-Up Tonneau (CSD) [F21] or Mopar Soft Tri-fold (CT6) [F23]","")
A34: CT6 | B34: Mopar Soft Tri-fold Tonneau Cover | C34: 563 | D34: 625 | E34: =IF(G34="x",C34,0) -> 0 | F34: =IF(G34="x",D34,0) -> 0 | H34: =if(or(G22="x",G33="x"),"N/A with Roll-Up Tonneau (CSD) [F21] or Mopar Hard Tri-fold (CSU) [F22]","")
B35: "Non-White" Paint Color Surcharge | C35: 220 | D35: 245 | E35: =IF(G35="x",C35,0) -> 220 | F35: =IF(G35="x",D35,0) -> 245 | G35: x | H35: Required for any color other than White
B36: ='Mopar Add-Ons'!B24 -> Total Mopar Add-On Cost | E36: ='Mopar Add-Ons'!E24 -> 0 | F36: ='Mopar Add-Ons'!F24 -> 0 | H36: ='Mopar Add-Ons'!H24 -> Price pulled from sheet "Mopar Add-Ons"
B37: TOTAL | E37: =SUM(E3:E36) -> 48430 | F37: =SUM(F3:F36) -> 50730
B38: Jeep.com Configurator Price | F38: =F37+D54 -> 50730
B40: MSRP | D40: =F37 -> 50730 | F40: Pick ONE (1) of the values calculated in column D and enter the letter X into the corresponding cell on the right (column E). | H40: Willys Additions Include:
B41: Invoice | D41: =E37 -> 48430 | H41: * Black Aluminum Wheels
B42: % Below Invoice | C42: 0.07 | D42: =E37*(1-C42) -> 45039.9 | H42: * Convenience Group
B43: Custom | H43: * All Weather Slush Mats
B44: Price + Destination Charge | D44: 1495 | E44: =(((SUM(((IF(E40="x",D40,0))+IF(E41="x",D41,0))+IF(E42="x",D42,0))+(IF(E43="x",D43,0))))+D44) -> 1495 | H44: * Technology Group
B45: Incentives/Trade In (if applicable) | F45: Enter trade-in value or leave blank. | H45: * Body Color Fenders
B46: Downpayment (if applicable) | F46: Enter downpayment or leave blank. | H46: * Trac-Lok (Limited Slip)
B47: Dealer Fees (if applicable) | F47: Enter dealer fees or leave blank. | H47: * Black Grille
B48: Other Costs (if applicable) | F48: Enter other costs or leave blank. | H48: * Red Heavy Duty Red Shocks (Front & Rear) - Same as Max Tow, but red
B49: Taxes (if applicable) | D49: 0 | E49: =(E44-E45+E47+E48)*D49 -> 0 | F49: Enter tax rate in Column D | H49: * LT255/75R17C Tires
B50: FINAL TOTAL | E50: =sum(E44-E45-E46+E47+E48+E49) -> 1495 | H50: * Rock Sliders
C52: FINANCING
C53: Amount | E53: =E50 -> 1495 | F53: Auto fills from FINAL TOTAL.
C54: Rate | E54: 0.029 | F54: Enter rate (will auto convert to %).
C55: Length (months) | E55: 72 | F55: Enter total months to pay off loan.
C56: MONTHLY PYMT | E56: =PMT(E54/12,E55,-E53) -> 22.647725
H58: Last Updated October 21st, 2020

Sheet Freedom
B1: To Edit, Open File Menu and choose "Make a Copy" | H1: Buy Me a cup of Coffee (or something)
A2: Code | B2: Option | C2: Invoice | D2: MSRP | E2: Extended Invoice | F2: Extended MSRP | G2: Build | H2: Enter X within the Build column (G4-37) by each desired feature.
A3: 2_F | B3: JT Freedom | C3: 38797 | D3: 40030 | E3: =IF(G3="x",C3,0) -> 38797 | F3: =IF(G3="x",D3,0) -> 40030 | G3: x | H3: Notes/Requirements
A4: DFT | B4: 8-Speed Automatic 850Re Transmission | C4: 1800 | D4: 2000 | E4: =IF(G4="x",C4,0) -> 0 | F4: =IF(G4="x",D4,0) -> 0 | H4: =if(and(G4="x",G5="x"),"N/A with multiple Transmission selections","")
A5: DFV | B5: 8-Speed Automatic 8HP75 Transmission | C5: 1800 | D5: 2000 | E5: =IF(G5="x",C5,0) -> 0 | F5: =IF(G5="x",D5,0) -> 0 | H5: =if(and(G5="x",G6=""),"Requires V6 Turbo","")
A6: EXJ | B6: 3.0L V6 Turbo Diesel Engine w/ESS | C6: 3600 | D6: 4000 | E6: =IF(G6="x",C6,0) -> 0 | F6: =IF(G6="x",D6,0) -> 0 | H6: =if(and(G6="x",G5=""),"Requires DFV 8-Speed Transmission","")
A7: AEK | B7: 8.4" Radio & Premium Audio Group | C7: 1796 | D7: 1995 | E7: =IF(G7="x",C7,0) -> 0 | F7: =IF(G7="x",D7,0) -> 0 | H7: =if(and(G7="x",G32=""),"Requires Technology Group (AAN)","")
A8: ALP | B8: Advanced Safety Group | C8: 716 | D8: 795 | E8: =IF(G8="x",C8,0) -> 0 | F8: =IF(G8="x",D8,0) -> 0 | H8: =if(and(G8="x",G25=""),"Requires Safety Group (AJ1)","")
A9: CWA | B9: All Weather Slush Mats | C9: 149 | D9: 165 | E9: =IF(G9="x",C9,0) -> 0 | F9: =IF(G9="x",D9,0) -> 0
A10: RC4 | B10: Alpine Premium Audio System | C10: =if(G7="x",0,1166) -> 1166 | D10: =if(G7="x",0,1295) -> 1295 | E10: =IF(G10="x",C10,0) -> 0 | F10: =IF(G10="x",D10,0) -> 0 | H10: =if(G7="x","Included with Premium Audio Group","")
A11: DSA | B11: Anti-Spin Rear Differential {Trac-Lok} | C11: =if(or(G6="x",G22="x"),0,536) -> 536 | D11: =if(or(G6="x",G22="x"),0,595) -> 595 | E11: =IF(G11="x",C11,0) -> 0 | F11: =IF(G11="x",D11,0) -> 0 | H11: =if(or(G22="x",G5="x"),"Included with Max Tow (AJQ) [G21] or V6 Turbo Diesel (EXJ) [G6]","")
A12: AM2 | B12: Auxiliary Switch Group | C12: 266 | D12: 295 | E12: =IF(G12="x",C12,0) -> 0 | F12: =IF(G12="x",D12,0) -> 0
A13: HT1 | B13: Black 3-Piece Hard Top | C13: =if(G17="x",0,1256) -> 1256 | D13: =if(G17="x",0,1395) -> 1395 | E13: =IF(G13="x",C13,0) -> 0 | F13: =IF(G13="x",D13,0) -> 0 | H13: =if(G17="x","Included with Dual Top Group (AEN)","")
A14: CMD | B14: Cargo Management Group w/ Trail Rail System | C14: 806 | D14: 895 | E14: =IF(G14="x",C14,0) -> 0 | F14: =IF(G14="x",D14,0) -> 0
A15: ADE | B15: Cold Weather Group | C15: =if(and(G4="",G5=""),626,896) -> 626 | D15: =if(and(G4="",G5=""),695,995) -> 695 | E15: =IF(G15="x",C15,0) -> 0 | F15: =IF(G15="x",D15,0) -> 0
A16: ADC | B16: Convenience Group | C16: =if(or(G4="",G15="x"),356,536) -> 356 | D16: =if(or(G4="",G15="x"),395,595) -> 395 | E16: =IF(G16="x",C16,0) -> 0 | F16: =IF(G16="x",D16,0) -> 0
A17: AEN | B17: Dual Top Group | C17: 2156 | D17: 2395 | E17: =IF(G17="x",C17,0) -> 0 | F17: =IF(G17="x",D17,0) -> 0 | H17: =if(AND(G17="x",G24="",G35="",G36=""),"Requires Tonneau Option;Roll-Up (CSD), Hard Tri-fold (CSU) or Soft Tri-fold (CT6)","")
A18: NHK | B18: Engine Block Heater | C18: 86 | D18: 95 | E18: =IF(G18="x",C18,0) -> 0 | F18: =IF(G18="x",D18,0) -> 0
A19: ADA | B19: LED Headlamp and Fog Lamp Group | C19: 0 | D19: 0 | E19: =IF(G19="x",C19,0) -> 0 | F19: =IF(G19="x",D19,0) -> 0 | G19: x | H19: =(if(and(G19="x",G25=""),"Typically Requires Safety Group (AJ1), ask your dealer","")) -> Typically Requires Safety Group (AJ1), ask your dealer
A20: CHD | B20: Hardtop Headliner | C20: 500 | D20: 595 | E20: =IF(G20="x",C20,0) -> 0 | F20: =IF(G20="x",D20,0) -> 0 | H20: =if(G20="x",if(or(G17="x",G13="x"),"","Requires Dual Top Group (AEN) or Black 3-Pc Hard Top (HT1)"),"")
A21: XWX | B21: Jeep Trail Rated Kit | C21: 180 | D21: 200 | E21: =IF(G21="x",C21,0) -> 0 | F21: =IF(G21="x",D21,0) -> 0
A22: AJQ | B22: Max Tow Package w/ 4.10 Axle Ratio | C22: 1120 | D22: 1245 | E22: =IF(G22="x",C22,0) -> 0 | F22: =IF(G22="x",D22,0) -> 0 | H22: =if(G5="x","N/A with 8HP75 Automatic Transmission (DFV)","")
A23: STB | B23: Premium Black Sunrider Soft Top | C23: 0 | D23: 0 | E23: =IF(G23="x",C23,0) -> 0 | F23: =IF(G23="x",D23,0) -> 0 | G23: x | H23: =if(G17="x","Included with AEN (Dual Top Group)[F17]","")
A24: CSD | B24: Roll-Up Tonneau Cover | C24: 536 | D24: 595 | E24: =IF(G24="x",C24,0) -> 0 | F24: =IF(G24="x",D24,0) -> 0 | H24: =if(G36="x","N/A with Mopar Soft Tri-fold (CT6) [F23]","")
A25: AJ1 | B25: Safety Group | C25: 896 | D25: 995 | E25: =IF(G25="x",C25,0) -> 0 | F25: =IF(G25="x",D25,0) -> 0
A26: DHP | B26: Selec-Trac Full TIme 4WD System | C26: 626 | D26: 695 | E26: =IF(G26="x",C26,0) -> 0 | F26: =IF(G26="x",D26,0) -> 0 | H26: =if(and(G26="x",G4=""),"Requires 8-Speed Automatic 850Re Transmission (DFT)","")
A27: MRK | B27: Side Steps | C27: 626 | D27: 695 | E27: =IF(G27="x",C27,0) -> 0 | F27: =IF(G27="x",D27,0) -> 0
A28: RSD | B28: SiriusXM w/ 1-Year Radio Subscription | C28: =if(G32="x",0,266) -> 266 | D28: =if(G32="x",0,295) -> 295 | E28: =IF(G28="x",C28,0) -> 0 | F28: =IF(G28="x",D28,0) -> 0 | H28: =if(G32="x","Included with Technology Group (AAN)","")
A29: XHC | B29: Smokers Group | C29: 27 | D29: 30 | E29: =IF(G29="x",C29,0) -> 0 | F29: =IF(G29="x",D29,0) -> 0
A30: CWJ | B30: Soft Top Window Storage Bag | C30: 68 | D30: 75 | E30: =IF(G30="x",C30,0) -> 0 | F30: =IF(G30="x",D30,0) -> 0 | H30: =if(G30="x",if(or(G17="x",G23="x"),"","Requires STB (Premium Soft Top)[F18] or AEN (Dual Top Group)[F17]"),"")
A31: XMF | B31: Spray-In Bedliner | C31: 446 | D31: 495 | E31: =IF(G31="x",C31,0) -> 0 | F31: =IF(G31="x",D31,0) -> 0
A32: AAN | B32: Technology Group | C32: 626 | D32: 695 | E32: =IF(G32="x",C32,0) -> 0 | F32: =IF(G32="x",D32,0) -> 0 | H32: =if(and(G32="x",G16=""),"Requires Convenience Group (ADC)","")
A33: ABR | B33: Trailer Tow Package | C33: =if(G22="x",0,316) -> 316 | D33: =if(G22="x",0,350) -> 350 | E33: =IF(G33="x",C33,0) -> 0 | F33: =IF(G33="x",D33,0) -> 0 | H33: =if(G22="x","Included with Max TowPackage (AJQ)","")
A34: RSJ | B34: Wireless Blutooth Speaker | C34: 266 | D34: 295 | E34: =IF(G34="x",C34,0) -> 0 | F34: =IF(G34="x",D34,0) -> 0 | H34: =if(G34="x",if(or(G7="x",G10="x"),"","Requires 8.4 Radio (AEK) or Alpine Premium Audio (RC4)"),"")
A35: CSU | B35: Mopar Hard Tri-fold Tonneau Cover | C35: 896 | D35: 995 | E35: =IF(G35="x",C35,0) -> 0 | F35: =IF(G35="x",D35,0) -> 0 | H35: =if(or(G24="x",G36="x"),"N/A with Roll-Up Tonneau (CSD) [F21] or Mopar Soft Tri-fold (CT6) [F23]","")
A36: CT6 | B36: Mopar Soft Tri-fold Tonneau Cover | C36: 563 | D36: 625 | E36: =IF(G36="x",C36,0) -> 0 | F36: =IF(G36="x",D36,0) -> 0 | H36: =if(or(G24="x",G35="x"),"N/A with Roll-Up Tonneau (CSD) [F21] or Mopar Hard Tri-fold (CSU) [F22]","")
B37: "Non-White" Paint Color Surcharge | C37: 220 | D37: 245 | E37: =IF(G37="x",C37,0) -> 0 | F37: =IF(G37="x",D37,0) -> 0 | H37: Required for any color other than White
B38: ='Mopar Add-Ons'!B24 -> Total Mopar Add-On Cost | E38: ='Mopar Add-Ons'!E24 -> 0 | F38: ='Mopar Add-Ons'!F24 -> 0 | H38: ='Mopar Add-Ons'!H24 -> Price pulled from sheet "Mopar Add-Ons"
B39: TOTAL | E39: =SUM(E3:E38) -> 38797 | F39: =SUM(F3:F38) -> 40030
B40: Jeep.com Configurator Price | F40: =F39+D56 -> 40030
B42: MSRP | D42: =F39 -> 40030 | F42: Pick ONE (1) of the values calculated in column D and enter the letter X into the corresponding cell on the right (column E). | H42: Freedom Edition Includes:
B43: Invoice | D43: =E39 -> 38797 | H43: * Satin Carbon Painted Wheels
B44: % Below Invoice | C44: 0.05 | D44: =E39*(1-C44) -> 36857.15 | H44: * Rubicon Front/Rear Steel Bumpers (MC6/MD6)
B45: Custom | H45: * Rubicon Rock Sliders
B46: Price + Destination Charge | D46: 1495 | E46: =(((SUM(((IF(E42="x",D42,0))+IF(E43="x",D43,0))+IF(E44="x",D44,0))+(IF(E45="x",D45,0))))+D46) -> 1495 | H46: * Red Suspension Springs
B47: Trade In (if applicable) | F47: Enter trade-in value or leave blank. | H47: * Freedom Badging & Accents
B48: Downpayment (if applicable) | F48: Enter downpayment or leave blank. | H48: * Premium Black Sunrider Soft Top
B49: Dealer Fees (if applicable) | F49: Enter dealer fees or leave blank. | H49: * LED Headlamp & Fog Lamp Group
B50: Other Costs (if applicable) | F50: Enter other costs or leave blank.
B51: Taxes (if applicable) | D51: 0.085 | E51: =(E46-E47+E49+E50)*D51 -> 127.075 | F51: Enter tax rate in Column D
B52: FINAL TOTAL | E52: =sum(E46-E47-E48+E49+E50+E51) -> 1622.075
C54: FINANCING
C55: Amount | E55: =E52 -> 1622.075 | F55: Auto fills from FINAL TOTAL.
C56: Rate | E56: 0.049 | F56: Enter rate (will auto convert to %).
C57: Length (months) | E57: 72 | F57: Enter total months to pay off loan.
C58: MONTHLY PYMT | E58: =PMT(E56/12,E57,-E55) -> 26.048234
H60: Last Updated January 8th, 2021

Sheet 80th Anniv
B1: To Edit, Open File Menu and choose "Make a Copy" | H1: Buy Me a cup of Coffee (or something)
A2: Code | B2: Option | C2: Invoice | D2: MSRP | E2: Extended Invoice | F2: Extended MSRP | G2: Build | H2: Enter X within the Build column (G4-35) by each desired feature.
A3: 2_S | B3: JT SPORT S | C3: 40354 | D3: 41760 | E3: =IF(G3="x",C3,0) -> 40354 | F3: =IF(G3="x",D3,0) -> 41760 | G3: x | H3: Notes/Requirements
A4: DFT | B4: 8-Speed Automatic 850Re Transmission | C4: 0 | D4: 0 | E4: =IF(G4="x",C4,0) -> 0 | F4: =IF(G4="x",D4,0) -> 0 | G4: x | H4: =if(and(G4="x",G5="x"),"N/A with multiple Transmission selections","")
A5: DFV | B5: 8-Speed Automatic 8HP75 Transmission | C5: 0 | D5: 0 | E5: =IF(G5="x",C5,0) -> 0 | F5: =IF(G5="x",D5,0) -> 0 | H5: =if(and(G5="x",G6=""),"Requires V6 Turbo","")
A6: EXJ | B6: 3.0L V6 Turbo Diesel Engine w/ESS | C6: 3600 | D6: 4000 | E6: =IF(G6="x",C6,0) -> 0 | F6: =IF(G6="x",D6,0) -> 0 | H6: =if(and(G6="x",G5=""),"Requires DFV 8-Speed Transmission","")
A7: AEK | B7: 8.4" Radio & Premium Audio Group | C7: 0 | D7: 0 | E7: =IF(G7="x",C7,0) -> 0 | F7: =IF(G7="x",D7,0) -> 0 | G7: x | H7: =if(and(G7="x",G31=""),"Requires Technology Group (AAN)","")
A8: ALP | B8: Advanced Safety Group | C8: 716 | D8: 795 | E8: =IF(G8="x",C8,0) -> 0 | F8: =IF(G8="x",D8,0) -> 0 | H8: =if(and(G8="x",G24=""),"Requires Safety Group (AJ1)","")
A9: CWA | B9: All Weather Slush Mats | C9: 149 | D9: 165 | E9: =IF(G9="x",C9,0) -> 0 | F9: =IF(G9="x",D9,0) -> 0
A10: RC4 | B10: Alpine Premium Audio System | C10: 0 | D10: 0 | E10: =IF(G10="x",C10,0) -> 0 | F10: =IF(G10="x",D10,0) -> 0 | G10: x
A11: DSA | B11: Anti-Spin Rear Differential {Trac-Lok} | C11: 536 | D11: 595 | E11: =IF(G11="x",C11,0) -> 0 | F11: =IF(G11="x",D11,0) -> 0 | H11: =if(G5="x","Included with V6 Turbo Diesel (EXJ)","")
A12: AM2 | B12: Auxiliary Switch Group | C12: 266 | D12: 295 | E12: =IF(G12="x",C12,0) -> 0 | F12: =IF(G12="x",D12,0) -> 0
A13: HT1 | B13: Black 3-Piece Hard Top | C13: =if(G17="x",0,1256) -> 1256 | D13: =if(G17="x",0,1395) -> 1395 | E13: =IF(G13="x",C13,0) -> 0 | F13: =IF(G13="x",D13,0) -> 0 | H13: =if(G17="x","Included with Dual Top Group (AEN)","")
A14: CMD | B14: Cargo Management Group w/ Trail Rail System | C14: 806 | D14: 895 | E14: =IF(G14="x",C14,0) -> 0 | F14: =IF(G14="x",D14,0) -> 0
A15: ADE | B15: Cold Weather Group | C15: 896 | D15: 995 | E15: =IF(G15="x",C15,0) -> 0 | F15: =IF(G15="x",D15,0) -> 0
A16: ADC | B16: Convenience Group | C16: 0 | D16: 0 | E16: =IF(G16="x",C16,0) -> 0 | F16: =IF(G16="x",D16,0) -> 0 | G16: x
A17: AEN | B17: Dual Top Group | C17: 2156 | D17: 2395 | E17: =IF(G17="x",C17,0) -> 0 | F17: =IF(G17="x",D17,0) -> 0 | H17: =if(AND(G17="x",G23="",G34="",G35=""),"Requires Tonneau Option;Roll-Up (CSD), Hard Tri-fold (CSU) or Soft Tri-fold (CT6)","")
A18: NHK | B18: Engine Block Heater | C18: 86 | D18: 95 | E18: =IF(G18="x",C18,0) -> 0 | F18: =IF(G18="x",D18,0) -> 0
A19: CHD | B19: Hardtop Headliner | C19: 500 | D19: 595 | E19: =IF(G19="x",C19,0) -> 0 | F19: =IF(G19="x",D19,0) -> 0 | H19: =if(G19="x",if(or(G17="x",G13="x"),"","Requires Dual Top Group (AEN) or Black 3-Pc Hard Top (HT1)"),"")
A20: XWX | B20: Jeep Trail Rated Kit | C20: 180 | D20: 200 | E20: =IF(G20="x",C20,0) -> 0 | F20: =IF(G20="x",D20,0) -> 0
A21: ADA | B21: LED Headlamp and Fog Lamp Group | C21: 913 | D21: 1015 | E21: =IF(G21="x",C21,0) -> 0 | F21: =IF(G21="x",D21,0) -> 0 | H21: =(if(and(G21="x",G24=""),"Requires Safety Group (AJ1)",""))
A22: STB | B22: Premium Black Sunrider Soft Top | C22: =if(G17="x",0,536) -> 536 | D22: =if(G17="x",0,595) -> 595 | E22: =IF(G22="x",C22,0) -> 0 | F22: =IF(G22="x",D22,0) -> 0 | H22: =if(G17="x","Included with AEN (Dual Top Group)[F17]","")
A23: CSD | B23: Roll-Up Tonneau Cover | C23: 536 | D23: 595 | E23: =IF(G23="x",C23,0) -> 0 | F23: =IF(G23="x",D23,0) -> 0 | H23: =if(G35="x","N/A with Mopar Soft Tri-fold (CT6) [F23]","")
A24: AJ1 | B24: Safety Group | C24: 896 | D24: 995 | E24: =IF(G24="x",C24,0) -> 0 | F24: =IF(G24="x",D24,0) -> 0
A25: DHP | B25: Selec-Trac Full TIme 4WD System | C25: 626 | D25: 695 | E25: =IF(G25="x",C25,0) -> 0 | F25: =IF(G25="x",D25,0) -> 0 | H25: =if(and(G25="x",G4=""),"Requires 8-Speed Automatic 850Re Transmission (DFT)","")
A26: MRK | B26: Side Steps | C26: 626 | D26: 695 | E26: =IF(G26="x",C26,0) -> 0 | F26: =IF(G26="x",D26,0) -> 0
A27: RSD | B27: SiriusXM w/ 1-Year Radio Subscription | C27: 0 | D27: 0 | E27: =IF(G27="x",C27,0) -> 0 | F27: =IF(G27="x",D27,0) -> 0 | G27: x
A28: XHC | B28: Smokers Group | C28: 27 | D28: 30 | E28: =IF(G28="x",C28,0) -> 0 | F28: =IF(G28="x",D28,0) -> 0
A29: CWJ | B29: Soft Top Window Storage Bag | C29: 68 | D29: 75 | E29: =IF(G29="x",C29,0) -> 0 | F29: =IF(G29="x",D29,0) -> 0 | H29: =if(G29="x",if(or(G17="x",G22="x"),"","Requires STB (Premium Soft Top)[F18] or AEN (Dual Top Group)[F17]"),"")
A30: XMF | B30: Spray-In Bedliner | C30: 446 | D30: 495 | E30: =IF(G30="x",C30,0) -> 0 | F30: =IF(G30="x",D30,0) -> 0
A31: AAN | B31: Technology Group | C31: 0 | D31: 0 | E31: =IF(G31="x",C31,0) -> 0 | F31: =IF(G31="x",D31,0) -> 0 | G31: x | H31: =if(and(G31="x",G16=""),"Requires Convenience Group (ADC)","")
A32: ABR | B32: Trailer Tow Package | C32: 316 | D32: 350 | E32: =IF(G32="x",C32,0) -> 0 | F32: =IF(G32="x",D32,0) -> 0
A33: RSJ | B33: Wireless Blutooth Speaker | C33: 266 | D33: 295 | E33: =IF(G33="x",C33,0) -> 0 | F33: =IF(G33="x",D33,0) -> 0 | H33: =if(G33="x",if(or(G7="x",G10="x"),"","Requires 8.4 Radio (AEK) or Alpine Premium Audio (RC4)"),"")
A34: CSU | B34: Mopar Hard Tri-fold Tonneau Cover | C34: 896 | D34: 995 | E34: =IF(G34="x",C34,0) -> 0 | F34: =IF(G34="x",D34,0) -> 0 | H34: =if(or(G23="x",G35="x"),"N/A with Roll-Up Tonneau (CSD) [F21] or Mopar Soft Tri-fold (CT6) [F23]","")
A35: CT6 | B35: Mopar Soft Tri-fold Tonneau Cover | C35: 563 | D35: 625 | E35: =IF(G35="x",C35,0) -> 0 | F35: =IF(G35="x",D35,0) -> 0 | H35: =if(or(G23="x",G34="x"),"N/A with Roll-Up Tonneau (CSD) [F21] or Mopar Hard Tri-fold (CSU) [F22]","")
B36: "Non-White" Paint Color Surcharge | C36: 220 | D36: 245 | E36: =IF(G36="x",C36,0) -> 0 | F36: =IF(G36="x",D36,0) -> 0 | H36: Required for any color other than White
B37: ='Mopar Add-Ons'!B24 -> Total Mopar Add-On Cost | E37: ='Mopar Add-Ons'!E24 -> 0 | F37: ='Mopar Add-Ons'!F24 -> 0 | H37: ='Mopar Add-Ons'!H24 -> Price pulled from sheet "Mopar Add-Ons"
B38: TOTAL | E38: =SUM(E3:E37) -> 40354 | F38: =SUM(F3:F37) -> 41760
B39: Jeep.com Configurator Price | F39: =F38+D55 -> 41760
B41: MSRP | D41: =F38 -> 41760 | F41: Pick ONE (1) of the values calculated in column D and enter the letter X into the corresponding cell on the right (column E). | H41: 80th Anniversary Additions Include:
B42: Invoice | D42: =E38 -> 40354 | H42: * 8.4" Radio w/ Premium Audio Group
B43: % Below Invoice | C43: 0.03 | D43: =E38*(1-C43) -> 39143.38 | H43: * Convenience & Technology Group
B44: Custom | H44: * Grey/Black 80th Anniversary badging (seats, carpets, dashboard)
B45: Price + Destination Charge | D45: 1495 | E45: =(((SUM(((IF(E41="x",D41,0))+IF(E42="x",D42,0))+IF(E43="x",D43,0))+(IF(E44="x",D44,0))))+D45) -> 1495 | H45: * Grey/Black 80th Anniversary badging (exterior decals, grille)
B46: Trade In (if applicable) | F46: Enter trade-in value or leave blank. | H46: * Granite Crystal 18" Wheels
B47: Downpayment (if applicable) | F47: Enter downpayment or leave blank. | H47: * 32" All Terrain Tires
B48: Dealer Fees (if applicable) | F48: Enter dealer fees or leave blank.
B49: Other Costs (if applicable) | F49: Enter other costs or leave blank.
B50: Taxes (if applicable) | D50: 0.085 | E50: =(E45-E46+E48+E49)*D50 -> 127.075 | F50: Enter tax rate in Column D
B51: FINAL TOTAL | E51: =sum(E45-E46-E47+E48+E49+E50) -> 1622.075
C53: FINANCING
C54: Amount | E54: =E51 -> 1622.075 | F54: Auto fills from FINAL TOTAL.
C55: Rate | E55: 0.049 | F55: Enter rate (will auto convert to %).
C56: Length (months) | E56: 72 | F56: Enter total months to pay off loan.
C57: MONTHLY PYMT | E57: =PMT(E55/12,E56,-E54) -> 26.048234
H59: Last Updated October 21st, 2020

Sheet California
B1: To Edit, Open File Menu and choose "Make a Copy" | H1: Buy Me a cup of Coffee (or something)
A2: Code | B2: Option | C2: Invoice | D2: MSRP | E2: Extended Invoice | F2: Extended MSRP | G2: Build | H2: Enter X within the Build column (G4-37) by each desired feature.
A3: 2_S | B3: JT SPORT S | C3: 37384 | D3: 38460 | E3: =IF(G3="x",C3,0) -> 37384 | F3: =IF(G3="x",D3,0) -> 38460 | G3: x | H3: Notes/Requirements
A4: DFT | B4: 8-Speed Automatic 850Re Transmission | C4: 1800 | D4: 2000 | E4: =IF(G4="x",C4,0) -> 0 | F4: =IF(G4="x",D4,0) -> 0 | H4: =if(and(G4="x",G5="x"),"N/A with multiple Transmission selections","")
A5: DFV | B5: 8-Speed Automatic 8HP75 Transmission | C5: 1800 | D5: 2000 | E5: =IF(G5="x",C5,0) -> 0 | F5: =IF(G5="x",D5,0) -> 0 | H5: =if(and(G5="x",G6=""),"Requires V6 Turbo","")
A6: EXJ | B6: 3.0L V6 Turbo Diesel Engine w/ESS | C6: 3600 | D6: 4000 | E6: =IF(G6="x",C6,0) -> 0 | F6: =IF(G6="x",D6,0) -> 0 | H6: =if(and(G6="x",G5=""),"Requires DFV 8-Speed Transmission","")
A7: AEK | B7: 8.4" Radio & Premium Audio Group | C7: 1796 | D7: 1995 | E7: =IF(G7="x",C7,0) -> 0 | F7: =IF(G7="x",D7,0) -> 0 | H7: =if(and(G7="x",G33=""),"Requires Technology Group (AAN)","")
A8: ALP | B8: Advanced Safety Group | C8: 716 | D8: 795 | E8: =IF(G8="x",C8,0) -> 0 | F8: =IF(G8="x",D8,0) -> 0 | H8: =if(and(G8="x",G26=""),"Requires Safety Group (AJ1)","")
A9: CWA | B9: All Weather Slush Mats | C9: 149 | D9: 165 | E9: =IF(G9="x",C9,0) -> 0 | F9: =IF(G9="x",D9,0) -> 0
A10: RC4 | B10: Alpine Premium Audio System | C10: =if(G7="x",0,1166) -> 1166 | D10: =if(G7="x",0,1295) -> 1295 | E10: =IF(G10="x",C10,0) -> 0 | F10: =IF(G10="x",D10,0) -> 0 | H10: =if(G7="x","Included with Premium Audio Group","")
A11: DSA | B11: Anti-Spin Rear Differential {Trac-Lok} | C11: =if(or(G6="x",G22="x"),0,536) -> 536 | D11: =if(or(G6="x",G22="x"),0,595) -> 595 | E11: =IF(G11="x",C11,0) -> 0 | F11: =IF(G11="x",D11,0) -> 0 | H11: =if(or(G22="x",G5="x"),"Included with Max Tow (AJQ) [G21] or V6 Turbo Diesel (EXJ) [G6]","")
A12: AM2 | B12: Auxiliary Switch Group | C12: 266 | D12: 295 | E12: =IF(G12="x",C12,0) -> 0 | F12: =IF(G12="x",D12,0) -> 0
A13: HT1 | B13: Black 3-Piece Hard Top | C13: 0 | D13: 0 | E13: =IF(G13="x",C13,0) -> 0 | F13: =IF(G13="x",D13,0) -> 0 | G13: x | H13: =if(or(G17="x",G23="x"),"Included with Dual Top Group (AEN) or Popular Equipment Package (AEH)","")
A14: CMD | B14: Cargo Management Group w/ Trail Rail System | C14: 806 | D14: 895 | E14: =IF(G14="x",C14,0) -> 0 | F14: =IF(G14="x",D14,0) -> 0
A15: ADE | B15: Cold Weather Group | C15: 626 | D15: 695 | E15: =IF(G15="x",C15,0) -> 0 | F15: =IF(G15="x",D15,0) -> 0
A16: ADC | B16: Convenience Group | C16: 0 | D16: 0 | E16: =IF(G16="x",C16,0) -> 0 | F16: =IF(G16="x",D16,0) -> 0 | G16: x | H16: =if(G23="x","Included with Popular Equipment Package (AEH)","")
A17: AEN | B17: Dual Top Group | C17: 990 | D17: 1100 | E17: =IF(G17="x",C17,0) -> 0 | F17: =IF(G17="x",D17,0) -> 0 | H17: =if(AND(G17="x",G25="",G36="",G37=""),"Requires Tonneau Option;Roll-Up (CSD), Hard Tri-fold (CSU) or Soft Tri-fold (CT6)","")
A18: NHK | B18: Engine Block Heater | C18: 86 | D18: 95 | E18: =IF(G18="x",C18,0) -> 0 | F18: =IF(G18="x",D18,0) -> 0
A19: ADA | B19: LED Headlamp and Fog Lamp Group | C19: 913 | D19: 1015 | E19: =IF(G19="x",C19,0) -> 0 | F19: =IF(G19="x",D19,0) -> 0 | H19: =(if(and(G19="x",G26=""),"Requires Safety Group (AJ1)",""))
A20: CHD | B20: Hardtop Headliner | C20: 500 | D20: 595 | E20: =IF(G20="x",C20,0) -> 0 | F20: =IF(G20="x",D20,0) -> 0 | H20: =if(G20="x",if(or(G17="x",G13="x"),"","Requires Dual Top Group (AEN) or Black 3-Pc Hard Top (HT1)"),"")
A21: XWX | B21: Jeep Trail Rated Kit | C21: 180 | D21: 200 | E21: =IF(G21="x",C21,0) -> 0 | F21: =IF(G21="x",D21,0) -> 0
A22: AJQ | B22: Max Tow Package w/ 4.10 Axle Ratio | C22: 940 | D22: 1045 | E22: =IF(G22="x",C22,0) -> 0 | F22: =IF(G22="x",D22,0) -> 0 | H22: =if(G5="x","N/A with 8HP75 Automatic Transmission (DFV)","")
A23: AEH | B23: Popular Equipment Package | C23: 1256 | D23: 1395 | E23: =IF(G23="x",C23,0) -> 0 | F23: =IF(G23="x",D23,0) -> 0
A24: STB | B24: Premium Black Sunrider Soft Top | C24: =if(G17="x",0,536) -> 536 | D24: =if(G17="x",0,595) -> 595 | E24: =IF(G24="x",C24,0) -> 0 | F24: =IF(G24="x",D24,0) -> 0 | H24: =if(G17="x","Included with AEN (Dual Top Group)[F17]","")
A25: CSD | B25: Roll-Up Tonneau Cover | C25: 536 | D25: 595 | E25: =IF(G25="x",C25,0) -> 0 | F25: =IF(G25="x",D25,0) -> 0 | H25: =if(G37="x","N/A with Mopar Soft Tri-fold (CT6) [F23]","")
A26: AJ1 | B26: Safety Group | C26: 896 | D26: 995 | E26: =IF(G26="x",C26,0) -> 0 | F26: =IF(G26="x",D26,0) -> 0
A27: DHP | B27: Selec-Trac Full TIme 4WD System | C27: 626 | D27: 695 | E27: =IF(G27="x",C27,0) -> 0 | F27: =IF(G27="x",D27,0) -> 0 | H27: =if(and(G27="x",G4=""),"Requires 8-Speed Automatic 850Re Transmission (DFT)","")
A28: MRK | B28: Side Steps | C28: 626 | D28: 695 | E28: =IF(G28="x",C28,0) -> 0 | F28: =IF(G28="x",D28,0) -> 0
A29: RSD | B29: SiriusXM w/ 1-Year Radio Subscription | C29: =if(G33="x",0,266) -> 0 | D29: =if(G33="x",0,295) -> 0 | E29: =IF(G29="x",C29,0) -> 0 | F29: =IF(G29="x",D29,0) -> 0 | H29: =if(G33="x","Included with Technology Group (AAN)","") -> Included with Technology Group (AAN)
A30: XHC | B30: Smokers Group | C30: 27 | D30: 30 | E30: =IF(G30="x",C30,0) -> 0 | F30: =IF(G30="x",D30,0) -> 0
A31: CWJ | B31: Soft Top Window Storage Bag | C31: 68 | D31: 75 | E31: =IF(G31="x",C31,0) -> 0 | F31: =IF(G31="x",D31,0) -> 0 | H31: =if(G31="x",if(or(G17="x",G24="x"),"","Requires STB (Premium Soft Top)[F18] or AEN (Dual Top Group)[F17]"),"")
A32: XMF | B32: Spray-In Bedliner | C32: 446 | D32: 495 | E32: =IF(G32="x",C32,0) -> 0 | F32: =IF(G32="x",D32,0) -> 0
A33: AAN | B33: Technology Group | C33: 0 | D33: 0 | E33: =IF(G33="x",C33,0) -> 0 | F33: =IF(G33="x",D33,0) -> 0 | G33: x | H33: =if(and(G33="x",G16=""),"Requires Convenience Group (ADC)","")
A34: ABR | B34: Trailer Tow Package | C34: 0 | D34: 0 | E34: =IF(G34="x",C34,0) -> 0 | F34: =IF(G34="x",D34,0) -> 0 | G34: x | H34: =if(or(G22="x",G23="x"),"Included with Max TowPackage (AJQ) or Popular Equipment Package (AEH)","")
A35: RSJ | B35: Wireless Blutooth Speaker | C35: 266 | D35: 295 | E35: =IF(G35="x",C35,0) -> 0 | F35: =IF(G35="x",D35,0) -> 0 | H35: =if(G35="x",if(or(G7="x",G10="x"),"","Requires 8.4 Radio (AEK) or Alpine Premium Audio (RC4)"),"")
A36: CSU | B36: Mopar Hard Tri-fold Tonneau Cover | C36: 896 | D36: 995 | E36: =IF(G36="x",C36,0) -> 0 | F36: =IF(G36="x",D36,0) -> 0 | H36: =if(or(G25="x",G37="x"),"N/A with Roll-Up Tonneau (CSD) [F21] or Mopar Soft Tri-fold (CT6) [F23]","")
A37: CT6 | B37: Mopar Soft Tri-fold Tonneau Cover | C37: 563 | D37: 625 | E37: =IF(G37="x",C37,0) -> 0 | F37: =IF(G37="x",D37,0) -> 0 | H37: =if(or(G25="x",G36="x"),"N/A with Roll-Up Tonneau (CSD) [F21] or Mopar Hard Tri-fold (CSU) [F22]","")
B38: "Non-White" Paint Color Surcharge | C38: 220 | D38: 245 | E38: =IF(G38="x",C38,0) -> 0 | F38: =IF(G38="x",D38,0) -> 0 | H38: Required for any color other than White
B39: ='Mopar Add-Ons'!B24 -> Total Mopar Add-On Cost | E39: ='Mopar Add-Ons'!E24 -> 0 | F39: ='Mopar Add-Ons'!F24 -> 0 | H39: ='Mopar Add-Ons'!H24 -> Price pulled from sheet "Mopar Add-Ons"
B40: TOTAL | E40: =SUM(E3:E39) -> 37384 | F40: =SUM(F3:F39) -> 38460
B41: Jeep.com Configurator Price | F41: =F40+D57 -> 38460
B43: MSRP | D43: =F40 -> 38460 | F43: Pick ONE (1) of the values calculated in column D and enter the letter X into the corresponding cell on the right (column E). | H43: California Edition
B44: Invoice | D44: =E40 -> 37384 | H44: * Black Aluminum Wheels
B45: % Below Invoice | C45: 0.03 | D45: =E40*(1-C45) -> 36262.48 | H45: * Gloss Black Instrument Panels
B46: Custom | H46: * Black Grille
B47: Price + Destination Charge | D47: 1495 | E47: =(((SUM(((IF(E43="x",D43,0))+IF(E44="x",D44,0))+IF(E45="x",D45,0))+(IF(E46="x",D46,0))))+D47) -> 1495 | H47: * Technology Group
B48: Trade In (if applicable) | F48: Enter trade-in value or leave blank. | H48: * Trailer Tow Package
B49: Downpayment (if applicable) | F49: Enter downpayment or leave blank. | H49: * Black, Three-Piece Hard Top
B50: Dealer Fees (if applicable) | F50: Enter dealer fees or leave blank.
B51: Other Costs (if applicable) | F51: Enter other costs or leave blank.
B52: Taxes (if applicable) | D52: 0.085 | E52: =(E47-E48+E50+E51)*D52 -> 127.075 | F52: Enter tax rate in Column D
B53: FINAL TOTAL | E53: =sum(E47-E48-E49+E50+E51+E52) -> 1622.075
C55: FINANCING
C56: Amount | E56: =E53 -> 1622.075 | F56: Auto fills from FINAL TOTAL.
C57: Rate | E57: 0.049 | F57: Enter rate (will auto convert to %).
C58: Length (months) | E58: 72 | F58: Enter total months to pay off loan.
C59: MONTHLY PYMT | E59: =PMT(E57/12,E58,-E56) -> 26.048234
H61: Last Updated November 22nd, 2020

Sheet Texas
B1: To Edit, Open File Menu and choose "Make a Copy" | H1: Buy Me a cup of Coffee (or something)
A2: Code | B2: Option | C2: Invoice | D2: MSRP | E2: Extended Invoice | F2: Extended MSRP | G2: Build | H2: Enter X within the Build column (G4-37) by each desired feature.
A3: 2_S | B3: JT SPORT S | C3: 38554 | D3: 39760 | E3: =IF(G3="x",C3,0) -> 38554 | F3: =IF(G3="x",D3,0) -> 39760 | G3: x | H3: Notes/Requirements
A4: DFT | B4: 8-Speed Automatic 850Re Transmission | C4: 1800 | D4: 2000 | E4: =IF(G4="x",C4,0) -> 0 | F4: =IF(G4="x",D4,0) -> 0 | H4: =if(and(G4="x",G5="x"),"N/A with multiple Transmission selections","")
A5: DFV | B5: 8-Speed Automatic 8HP75 Transmission | C5: 1800 | D5: 2000 | E5: =IF(G5="x",C5,0) -> 0 | F5: =IF(G5="x",D5,0) -> 0 | H5: =if(and(G5="x",G6=""),"Requires V6 Turbo","")
A6: EXJ | B6: 3.0L V6 Turbo Diesel Engine w/ESS | C6: 3600 | D6: 4000 | E6: =IF(G6="x",C6,0) -> 0 | F6: =IF(G6="x",D6,0) -> 0 | H6: =if(and(G6="x",G5=""),"Requires DFV 8-Speed Transmission","")
A7: AEK | B7: 8.4" Radio & Premium Audio Group | C7: 1796 | D7: 1995 | E7: =IF(G7="x",C7,0) -> 0 | F7: =IF(G7="x",D7,0) -> 0 | H7: =if(and(G7="x",G33=""),"Requires Technology Group (AAN)","")
A8: ALP | B8: Advanced Safety Group | C8: 716 | D8: 795 | E8: =IF(G8="x",C8,0) -> 0 | F8: =IF(G8="x",D8,0) -> 0 | H8: =if(and(G8="x",G26=""),"Requires Safety Group (AJ1)","")
A9: CWA | B9: All Weather Slush Mats | C9: 149 | D9: 165 | E9: =IF(G9="x",C9,0) -> 0 | F9: =IF(G9="x",D9,0) -> 0
A10: RC4 | B10: Alpine Premium Audio System | C10: =if(G7="x",0,1166) -> 1166 | D10: =if(G7="x",0,1295) -> 1295 | E10: =IF(G10="x",C10,0) -> 0 | F10: =IF(G10="x",D10,0) -> 0 | H10: =if(G7="x","Included with Premium Audio Group","")
A11: DSA | B11: Anti-Spin Rear Differential {Trac-Lok} | C11: =if(or(G6="x",G22="x"),0,536) -> 536 | D11: =if(or(G6="x",G22="x"),0,595) -> 595 | E11: =IF(G11="x",C11,0) -> 0 | F11: =IF(G11="x",D11,0) -> 0 | H11: =if(or(G22="x",G5="x"),"Included with Max Tow (AJQ) [G21] or V6 Turbo Diesel (EXJ) [G6]","")
A12: AM2 | B12: Auxiliary Switch Group | C12: 266 | D12: 295 | E12: =IF(G12="x",C12,0) -> 0 | F12: =IF(G12="x",D12,0) -> 0
A13: HT1 | B13: Black 3-Piece Hard Top | C13: 0 | D13: 0 | E13: =IF(G13="x",C13,0) -> 0 | F13: =IF(G13="x",D13,0) -> 0 | G13: x | H13: =if(or(G17="x",G23="x"),"Included with Dual Top Group (AEN) or Popular Equipment Package (AEH)","")
A14: CMD | B14: Cargo Management Group w/ Trail Rail System | C14: 806 | D14: 895 | E14: =IF(G14="x",C14,0) -> 0 | F14: =IF(G14="x",D14,0) -> 0
A15: ADE | B15: Cold Weather Group | C15: 626 | D15: 695 | E15: =IF(G15="x",C15,0) -> 0 | F15: =IF(G15="x",D15,0) -> 0
A16: ADC | B16: Convenience Group | C16: 0 | D16: 0 | E16: =IF(G16="x",C16,0) -> 0 | F16: =IF(G16="x",D16,0) -> 0 | G16: x | H16: =if(G23="x","Included with Popular Equipment Package (AEH)","")
A17: AEN | B17: Dual Top Group | C17: 990 | D17: 1100 | E17: =IF(G17="x",C17,0) -> 0 | F17: =IF(G17="x",D17,0) -> 0 | H17: =if(AND(G17="x",G25="",G36="",G37=""),"Requires Tonneau Option;Roll-Up (CSD), Hard Tri-fold (CSU) or Soft Tri-fold (CT6)","")
A18: NHK | B18: Engine Block Heater | C18: 86 | D18: 95 | E18: =IF(G18="x",C18,0) -> 0 | F18: =IF(G18="x",D18,0) -> 0
A19: ADA | B19: LED Headlamp and Fog Lamp Group | C19: 913 | D19: 1015 | E19: =IF(G19="x",C19,0) -> 0 | F19: =IF(G19="x",D19,0) -> 0 | H19: =(if(and(G19="x",G26=""),"Requires Safety Group (AJ1)",""))
A20: CHD | B20: Hardtop Headliner | C20: 500 | D20: 595 | E20: =IF(G20="x",C20,0) -> 0 | F20: =IF(G20="x",D20,0) -> 0 | H20: =if(G20="x",if(or(G17="x",G13="x"),"","Requires Dual Top Group (AEN) or Black 3-Pc Hard Top (HT1)"),"")
A21: XWX | B21: Jeep Trail Rated Kit | C21: 180 | D21: 200 | E21: =IF(G21="x",C21,0) -> 0 | F21: =IF(G21="x",D21,0) -> 0
A22: AJQ | B22: Max Tow Package w/ 4.10 Axle Ratio | C22: 940 | D22: 1045 | E22: =IF(G22="x",C22,0) -> 0 | F22: =IF(G22="x",D22,0) -> 0 | H22: =if(G5="x","N/A with 8HP75 Automatic Transmission (DFV)","")
A23: AEH | B23: Popular Equipment Package | C23: 1256 | D23: 1395 | E23: =IF(G23="x",C23,0) -> 0 | F23: =IF(G23="x",D23,0) -> 0
A24: STB | B24: Premium Black Sunrider Soft Top | C24: =if(G17="x",0,536) -> 536 | D24: =if(G17="x",0,595) -> 595 | E24: =IF(G24="x",C24,0) -> 0 | F24: =IF(G24="x",D24,0) -> 0 | H24: =if(G17="x","Included with AEN (Dual Top Group)[F17]","")
A25: CSD | B25: Roll-Up Tonneau Cover | C25: 536 | D25: 595 | E25: =IF(G25="x",C25,0) -> 0 | F25: =IF(G25="x",D25,0) -> 0 | H25: =if(G37="x","N/A with Mopar Soft Tri-fold (CT6) [F23]","")
A26: AJ1 | B26: Safety Group | C26: 896 | D26: 995 | E26: =IF(G26="x",C26,0) -> 0 | F26: =IF(G26="x",D26,0) -> 0
A27: DHP | B27: Selec-Trac Full TIme 4WD System | C27: 626 | D27: 695 | E27: =IF(G27="x",C27,0) -> 0 | F27: =IF(G27="x",D27,0) -> 0 | H27: =if(and(G27="x",G4=""),"Requires 8-Speed Automatic 850Re Transmission (DFT)","")
A28: MRK | B28: Side Steps | C28: 0 | D28: 0 | E28: =IF(G28="x",C28,0) -> 0 | F28: =IF(G28="x",D28,0) -> 0 | G28: x
A29: RSD | B29: SiriusXM w/ 1-Year Radio Subscription | C29: =if(G33="x",0,266) -> 0 | D29: =if(G33="x",0,295) -> 0 | E29: =IF(G29="x",C29,0) -> 0 | F29: =IF(G29="x",D29,0) -> 0 | G29: x | H29: =if(G33="x","Included with Technology Group (AAN)","") -> Included with Technology Group (AAN)
A30: XHC | B30: Smokers Group | C30: 27 | D30: 30 | E30: =IF(G30="x",C30,0) -> 0 | F30: =IF(G30="x",D30,0) -> 0
A31: CWJ | B31: Soft Top Window Storage Bag | C31: 68 | D31: 75 | E31: =IF(G31="x",C31,0) -> 0 | F31: =IF(G31="x",D31,0) -> 0 | H31: =if(G31="x",if(or(G17="x",G24="x"),"","Requires STB (Premium Soft Top)[F18] or AEN (Dual Top Group)[F17]"),"")
A32: XMF | B32: Spray-In Bedliner | C32: 446 | D32: 495 | E32: =IF(G32="x",C32,0) -> 0 | F32: =IF(G32="x",D32,0) -> 0
A33: AAN | B33: Technology Group | C33: 0 | D33: 0 | E33: =IF(G33="x",C33,0) -> 0 | F33: =IF(G33="x",D33,0) -> 0 | G33: x | H33: =if(and(G33="x",G16=""),"Requires Convenience Group (ADC)","")
A34: ABR | B34: Trailer Tow Package | C34: 0 | D34: 0 | E34: =IF(G34="x",C34,0) -> 0 | F34: =IF(G34="x",D34,0) -> 0 | G34: x | H34: =if(or(G22="x",G23="x"),"Included with Max TowPackage (AJQ) or Popular Equipment Package (AEH)","")
A35: RSJ | B35: Wireless Blutooth Speaker | C35: 266 | D35: 295 | E35: =IF(G35="x",C35,0) -> 0 | F35: =IF(G35="x",D35,0) -> 0 | H35: =if(G35="x",if(or(G7="x",G10="x"),"","Requires 8.4 Radio (AEK) or Alpine Premium Audio (RC4)"),"")
A36: CSU | B36: Mopar Hard Tri-fold Tonneau Cover | C36: 896 | D36: 995 | E36: =IF(G36="x",C36,0) -> 0 | F36: =IF(G36="x",D36,0) -> 0 | H36: =if(or(G25="x",G37="x"),"N/A with Roll-Up Tonneau (CSD) [F21] or Mopar Soft Tri-fold (CT6) [F23]","")
A37: CT6 | B37: Mopar Soft Tri-fold Tonneau Cover | C37: 563 | D37: 625 | E37: =IF(G37="x",C37,0) -> 0 | F37: =IF(G37="x",D37,0) -> 0 | H37: =if(or(G25="x",G36="x"),"N/A with Roll-Up Tonneau (CSD) [F21] or Mopar Hard Tri-fold (CSU) [F22]","")
B38: "Non-White" Paint Color Surcharge | C38: 220 | D38: 245 | E38: =IF(G38="x",C38,0) -> 0 | F38: =IF(G38="x",D38,0) -> 0 | H38: Required for any color other than White
B39: ='Mopar Add-Ons'!B24 -> Total Mopar Add-On Cost | E39: ='Mopar Add-Ons'!E24 -> 0 | F39: ='Mopar Add-Ons'!F24 -> 0 | H39: ='Mopar Add-Ons'!H24 -> Price pulled from sheet "Mopar Add-Ons"
B40: TOTAL | E40: =SUM(E3:E39) -> 38554 | F40: =SUM(F3:F39) -> 39760
B41: Jeep.com Configurator Price | F41: =F40+D57 -> 39760
B43: MSRP | D43: =F40 -> 39760 | F43: Pick ONE (1) of the values calculated in column D and enter the letter X into the corresponding cell on the right (column E). | H43: Texas Edition
B44: Invoice | D44: =E40 -> 38554 | H44: * Black Aluminum Wheels
B45: % Below Invoice | C45: 0.03 | D45: =E40*(1-C45) -> 37397.38 | H45: * Convenience Package
B46: Custom | H46: * Technology Group
B47: Price + Destination Charge | D47: 1495 | E47: =(((SUM(((IF(E43="x",D43,0))+IF(E44="x",D44,0))+IF(E45="x",D45,0))+(IF(E46="x",D46,0))))+D47) -> 1495 | H47: * Trailer Tow Package
B48: Trade In (if applicable) | F48: Enter trade-in value or leave blank. | H48: * Side Steps
B49: Downpayment (if applicable) | F49: Enter downpayment or leave blank. | H49: * Black, Three-Piece Hard Top
B50: Dealer Fees (if applicable) | F50: Enter dealer fees or leave blank. | H50: * Texas Trail Decals
B51: Other Costs (if applicable) | F51: Enter other costs or leave blank.
B52: Taxes (if applicable) | D52: 0.085 | E52: =(E47-E48+E50+E51)*D52 -> 127.075 | F52: Enter tax rate in Column D
B53: FINAL TOTAL | E53: =sum(E47-E48-E49+E50+E51+E52) -> 1622.075
C55: FINANCING
C56: Amount | E56: =E53 -> 1622.075 | F56: Auto fills from FINAL TOTAL.
C57: Rate | E57: 0.049 | F57: Enter rate (will auto convert to %).
C58: Length (months) | E58: 72 | F58: Enter total months to pay off loan.
C59: MONTHLY PYMT | E59: =PMT(E57/12,E58,-E56) -> 26.048234
H61: Last Updated November 22nd, 2020

Sheet Mojave
B1: To Edit, Open File Menu and choose "Make a Copy" | H1: Buy Me a cup of Coffee (or something)
A2: Code | B2: Option | C2: Invoice | D2: MSRP | E2: Extended Invoice | F2: Extended MSRP | G2: Build | H2: Enter X within the Build column (G4-37) by each desired feature.
A3: 2_D | B3: JT MOJAVE | C3: 41913 | D3: 43895 | E3: =IF(G3="x",C3,0) -> 41913 | F3: =IF(G3="x",D3,0) -> 43895 | G3: x | H3: Notes/Requirements
A4: DFT | B4: 8-Speed Automatic 850RE Transmission | C4: 1800 | D4: 2000 | E4: =IF(G4="x",C4,0) -> 0 | F4: =IF(G4="x",D4,0) -> 0
A5: WFA | B5: 17" X 7.5" Gloss Black Polished Wheels | C5: 896 | D5: 995 | E5: =IF(G5="x",C5,0) -> 0 | F5: =IF(G5="x",D5,0) -> 0
A6: AEK | B6: 8.4" Radio and Premium Audio Group | C6: 1706 | D6: 1895 | E6: =IF(G6="x",C6,0) -> 0 | F6: =IF(G6="x",D6,0) -> 0
A7: ALP | B7: Advanced Safety Group | C7: 716 | D7: 795 | E7: =IF(G7="x",C7,0) -> 0 | F7: =IF(G7="x",D7,0) -> 0 | H7: =if(and(G7="x",G27=""),"Requires Safety Group (AJ1)","")
A8: CWA | B8: All Weather Slush Mats | C8: 149 | D8: 165 | E8: =IF(G8="x",C8,0) -> 0 | F8: =IF(G8="x",D8,0) -> 0
A9: RC4 | B9: Alpine Premium Audio System | C9: =if(G6="x",0,1166) -> 1166 | D9: =if(G6="x",0,1295) -> 1295 | E9: =IF(G9="x",C9,0) -> 0 | F9: =IF(G9="x",D9,0) -> 0 | H9: =if(G6="x","Included with Premium Audio Group (AEK)","")
A10: AM2 | B10: Auxiliary Switch Group | C10: 266 | D10: 295 | E10: =IF(G10="x",C10,0) -> 0 | F10: =IF(G10="x",D10,0) -> 0
A11: HT1 | B11: Black Freedom 3-Piece Hard Top | C11: =if(G16="x",0,1256) -> 1256 | D11: =if(G16="x",0,1395) -> 1395 | E11: =IF(G11="x",C11,0) -> 0 | F11: =IF(G11="x",D11,0) -> 0 | H11: =if(G16="x","Included with Dual Top Group (AEN)","")
A12: HT3 | B12: Body Color 3-Piece Hard Top | C12: =if(G16="x",1080,2156) -> 2156 | D12: =if(G16="x",1200,2395) -> 2395 | E12: =IF(G12="x",C12,0) -> 0 | F12: =IF(G12="x",D12,0) -> 0 | H12: =if(G16="x","Price Reduced if selected with Dual Top Group (AEN) instead of Black Hard Top","")
A13: MM3 | B13: Body-Color Fender Flares 2-Pc | C13: 626 | D13: 695 | E13: =IF(G13="x",C13,0) -> 0 | F13: =IF(G13="x",D13,0) -> 0
A14: CMD | B14: Cargo Management Group With Trail Rail System | C14: 806 | D14: 895 | E14: =IF(G14="x",C14,0) -> 0 | F14: =IF(G14="x",D14,0) -> 0
A15: ADE | B15: Cold Weather Group | C15: =if(G4="X",896,626) -> 626 | D15: =if(G4="X",995,695) -> 695 | E15: =IF(G15="x",C15,0) -> 0 | F15: =IF(G15="x",D15,0) -> 0
A16: AEN | B16: Dual Top Group | C16: 2156 | D16: 2395 | E16: =IF(G16="x",C16,0) -> 0 | F16: =IF(G16="x",D16,0) -> 0 | H16: =if(AND(G16="x",G26="",G35="",G36=""),"Requires Tonneau Option; Roll-Up (CSD), Hard Tri-Fold (CSU) or Soft Tri-Fold (CT6)","")
A17: NHK | B17: Engine Block Heater | C17: 86 | D17: 95 | E17: =IF(G17="x",C17,0) -> 0 | F17: =IF(G17="x",D17,0) -> 0
A18: CHD | B18: Hardtop Headliner | C18: 500 | D18: 555 | E18: =IF(G18="x",C18,0) -> 0 | F18: =IF(G18="x",D18,0) -> 0 | H18: =if(G18="x",if(or($G$11="x",$G$12="x"),"","Requires Black Hard-Top (HT1) or Body Color Hard Top (HT3)"),"")
A19: XNY | B19: Integrated Trailcam Off-Road Camera | C19: 536 | D19: 595 | E19: =IF(G19="x",C19,0) -> 0 | F19: =IF(G19="x",D19,0) -> 0 | H19: =if(G19="x",if(and($G$6="x",$G$21="x"),"","Requires AD6 (LED lights)[F6] and AEK (8.4 radio)[F8]"),"")
A20: XWX | B20: Jeep Trail Rated Kit | C20: 180 | D20: 200 | E20: =IF(G20="x",C20,0) -> 0 | F20: =IF(G20="x",D20,0) -> 0
A21: AD6 | B21: LED Lighting Group | C21: 1166 | D21: 1295 | E21: =IF(G21="x",C21,0) -> 0 | F21: =IF(G21="x",D21,0) -> 0
A22: TWG | B22: LT285/70R17C BSW M/T Tires | C22: 0 | D22: 0 | E22: =IF(G22="x",C22,0) -> 0 | F22: =IF(G22="x",D22,0) -> 0
A23: STB | B23: Premium Black Sunrider Soft Top | C23: =if(G16="x",0,536) -> 536 | D23: =if(G16="x",0,595) -> 595 | E23: =IF(G23="x",C23,0) -> 0 | F23: =IF(G23="x",D23,0) -> 0 | H23: =if(G16="x","Included with Dual Top Group (AEN)","")
A24: GXD | B24: Remote Proximitry Keyless Entry | C24: 490 | D24: 545 | E24: =IF(G24="x",C24,0) -> 0 | F24: =IF(G24="x",D24,0) -> 0
A25: XBM | B25: Remote Start System | C25: =if(G15="x",0,446) -> 446 | D25: =if(G15="x",0,495) -> 495 | E25: =IF(G25="x",C25,0) -> 0 | F25: =IF(G25="x",D25,0) -> 0 | H25: =if(and(G25="x",G4=""),"Requires Automatic Transmission (DFT)",if(G15="x","Included w/ Cold Weather Group (ADE)", ""))
A26: CSD | B26: Roll-Up Tonneau Cover | C26: 536 | D26: 595 | E26: =IF(G26="x",C26,0) -> 0 | F26: =IF(G26="x",D26,0) -> 0 | H26: =if(G26="x","N/A with Mopar Soft Tri-fold (CT6) or Hard Tri-Fold Tonneau (CSU)","")
A27: AJ1 | B27: Safety Group | C27: =if(G21="X",806,896) -> 896 | D27: =if(G21="X",895,995) -> 995 | E27: =IF(G27="x",C27,0) -> 0 | F27: =IF(G27="x",D27,0) -> 0
A28: DHP | B28: Selec-Trac Full TIme 4WD System | C28: 626 | D28: 695 | E28: =IF(G28="x",C28,0) -> 0 | F28: =IF(G28="x",D28,0) -> 0 | H28: =if(and(G28="x",G4=""),"Requires 8-Speed Automatic 850Re Transmission (DFT)","")
A29: AWS | B29: Smoker's Group | C29: 27 | D29: 30 | E29: =IF(G29="x",C29,0) -> 0 | F29: =IF(G29="x",D29,0) -> 0
A30: CWJ | B30: Soft Top Window Storage Bag | C30: 68 | D30: 75 | E30: =IF(G30="x",C30,0) -> 0 | F30: =IF(G30="x",D30,0) -> 0 | H30: =if(and(G30="x",G23=""),"Requires Premium Soft Top (STB)","")
A31: XMF | B31: Spray-In Bedliner | C31: 446 | D31: 495 | E31: =IF(G31="x",C31,0) -> 0 | F31: =IF(G31="x",D31,0) -> 0
A32: ABR | B32: Trailer Tow Package | C32: 316 | D32: 350 | E32: =IF(G32="x",C32,0) -> 0 | F32: =IF(G32="x",D32,0) -> 0
A33: RSJ | B33: Wireless Blutooth Speaker | C33: 266 | D33: 295 | E33: =IF(G33="x",C33,0) -> 0 | F33: =IF(G33="x",D33,0) -> 0 | H33: =if(and(G33="x",G6=""),"Requires Premium Audio Group (AEK)","")
A34: PLX9/PLTA | B34: Leather Trimmed Bucket Seats | C34: 1436 | D34: 1595 | E34: =IF(G34="x",C34,0) -> 0 | F34: =IF(G34="x",D34,0) -> 0
A35: CSU | B35: Mopar Hard Tri-fold Tonneau Cover | C35: 896 | D35: 995 | E35: =IF(G35="x",C35,0) -> 0 | F35: =IF(G35="x",D35,0) -> 0 | H35: =if(or(G17="x",G36="x"),"N/A with Roll-Up Tonneau (CSD) or Mopar Soft Tri-fold Tonneau (CT6)","")
A36: CT6 | B36: Mopar Soft Tri-fold Tonneau Cover | C36: 563 | D36: 625 | E36: =IF(G36="x",C36,0) -> 0 | F36: =IF(G36="x",D36,0) -> 0 | H36: =if(or(G17="x",G35="x"),"N/A with Roll-up Tonneau (CSD) or Mopar Hard Tri-fold Tonneau (CSU)","")
B37: "Non-White" Paint Color Surcharge | C37: 220 | D37: 245 | E37: =IF(G37="x",C37,0) -> 0 | F37: =IF(G37="x",D37,0) -> 0 | H37: Required for any color other than White
B38: ='Mopar Add-Ons'!B24 -> Total Mopar Add-On Cost | E38: ='Mopar Add-Ons'!E24 -> 0 | F38: ='Mopar Add-Ons'!F24 -> 0 | H38: ='Mopar Add-Ons'!H24 -> Price pulled from sheet "Mopar Add-Ons"
B39: TOTAL | E39: =SUM(E3:E38) -> 41913 | F39: =SUM(F3:F38) -> 43895
B40: Jeep.com Configurator Price | F40: =F39+E55 -> 45517.075
H41: "Go Fast Over Rough and Undulating Terrain. Look Good Doing It."
B42: MSRP | D42: =F39 -> 43895 | F42: Pick ONE (1) of the values calculated in column D and enter the letter X into the corresponding cell on the right (column E). | H42: Mojave Additions Include:
B43: Invoice | D43: =E39 -> 41913 | H43: * Aggressive Hood (Non-Functioning Scoop)
B44: % Below Invoice | C44: 0.03 | D44: =E39*(1-C44) -> 40655.61 | H44: * Reinforced Frame
B45: Custom | H45: * Improved Suspension
B46: Price + Destination Charge | D46: 1495 | E46: =(((SUM(((IF(E42="x",D42,0))+IF(E43="x",D43,0))+IF(E44="x",D44,0))+(IF(E45="x",D45,0))))+D46) -> 1495 | H46: * Wheels w/ "Aggressive" Offset
B47: Trade In (if applicable) | F47: Enter trade-in value or leave blank. | H47: * Light-weight Front Skidplate
B48: Downpayment (if applicable) | F48: Enter downpayment or leave blank. | H48: * High Speed Rear Locker
B49: Dealer Fees (if applicable) | F49: Enter dealer fees or leave blank. | H49: * Unique Interior:
B50: Other Costs (if applicable) | F50: Enter other costs or leave blank. | H50: * Orange Highlights
B51: Taxes (if applicable) | D51: 0.085 | E51: =(E46-E47+E49+E50)*D51 -> 127.075 | F51: Enter tax rate in Column D | H51: * "Aggressive" Steering Wheel
B52: FINAL TOTAL | E52: =sum(E46-E47-E48+E49+E50+E51) -> 1622.075 | H52: * "Aggressive" Seats with Bolsters
H53: * Exterior Badging
C54: FINANCING | H54: * Orange Highlights
C55: Amount | E55: =E52 -> 1622.075 | F55: Auto fills from FINAL TOTAL. | H55: * Desert Rated
C56: Rate | E56: 0.049 | F56: Enter rate (will auto convert to %). | H56: * High Clearance Fenders
C57: Length (months) | E57: 72 | F57: Enter total months to pay off loan.
C58: MONTHLY PYMT | E58: =PMT(E56/12,E57,-E55) -> 26.048234
H60: Last Updated October 21st, 2020

Sheet Rubicon
B1: To Edit, Open File Menu and choose "Make a Copy" | H1: Buy Me a cup of Coffee (or something)
A2: Code | B2: Option | C2: Invoice | D2: MSRP | E2: Extended Invoice | F2: Extended MSRP | G2: Build | H2: Enter X within the Build column (G4-40) by each desired feature.
A3: 2_R | B3: JT Rubicon | C3: 41913 | D3: 43895 | E3: =IF(G3="x",C3,0) -> 41913 | F3: =IF(G3="x",D3,0) -> 43895 | G3: x | H3: Notes/Requirements
A4: DFT | B4: 8-Speed Automatic 850RE Transmission | C4: 1800 | D4: 2000 | E4: =IF(G4="x",C4,0) -> 1800 | F4: =IF(G4="x",D4,0) -> 2000 | G4: x
A5: DFV | B5: 8-Speed Automatic 8HP75 Transmission | C5: 1800 | D5: 2000 | E5: =IF(G5="x",C5,0) -> 0 | F5: =IF(G5="x",D5,0) -> 0 | H5: =if(and(G5="x",G12=""),"Requires V6 Turbo","")
A6: EXJ | B6: 3.0L V6 Turbo Diesel Engine w/ESS | C6: 3600 | D6: 4000 | E6: =IF(G6="x",C6,0) -> 0 | F6: =IF(G6="x",D6,0) -> 0 | H6: =if(and(G6="x",G8=""),"Requires DFV 8-Speed Transmission","")
A7: WFN | B7: 17" X 7.5" Aluminum Wheels | C7: 896 | D7: 995 | E7: =IF(G7="x",C7,0) -> 0 | F7: =IF(G7="x",D7,0) -> 0
A8: DHF | B8: 4:1 Rock-Trac Full Time 4WD System | C8: 626 | D8: 695 | E8: =IF(G8="x",C8,0) -> 0 | F8: =IF(G8="x",D8,0) -> 0 | H8: =if(and(G8="x",G4=""),"Requires 8-Spd Automatic 850RE Transmission (DFT)",if(G6="x", "N/A w/ Diesel or Manual Transmission",""))
A9: AEK | B9: 8.4" Radio and Premium Audio Group | C9: 1706 | D9: 1895 | E9: =IF(G9="x",C9,0) -> 0 | F9: =IF(G9="x",D9,0) -> 0
A10: ALP | B10: Advanced Safety Group | C10: 716 | D10: 795 | E10: =IF(G10="x",C10,0) -> 0 | F10: =IF(G10="x",D10,0) -> 0 | H10: =if(and(G10="x",G30=""),"Requires Safety Group (AJ1)","")
A11: CWA | B11: All Weather Slush Mats | C11: 149 | D11: 165 | E11: =IF(G11="x",C11,0) -> 149 | F11: =IF(G11="x",D11,0) -> 165 | G11: x
A12: RC4 | B12: Alpine Premium Audio System | C12: =if(G9="x",0,1166) -> 1166 | D12: =if(G9="x",0,1295) -> 1295 | E12: =IF(G12="x",C12,0) -> 0 | F12: =IF(G12="x",D12,0) -> 0 | H12: =if(G9="x","Included w/ Premium Audio Group (AEK)","")
A13: AM2 | B13: Auxiliary Switch Group | C13: 266 | D13: 295 | E13: =IF(G13="x",C13,0) -> 266 | F13: =IF(G13="x",D13,0) -> 295 | G13: x
A14: HT1 | B14: Black Freedom 3-Piece Hard Top | C14: =if(G19="x",0,1256) -> 1256 | D14: =if(G19="x",0,1395) -> 1395 | E14: =IF(G14="x",C14,0) -> 0 | F14: =IF(G14="x",D14,0) -> 0 | H14: =if(and(G14="",G19="x"),"Included with Dual Top Group (AEN)",if(and(G14="x",G15="x"),"Only 1; Black Hard-Top (HT1) or Body Color Hard-Top (HT3)",""))
A15: HT3 | B15: Body Color 3-Piece Hard Top | C15: =if(G19="x",1080,2156) -> 2156 | D15: =if(G19="x",1200,2395) -> 2395 | E15: =IF(G15="x",C15,0) -> 2156 | F15: =IF(G15="x",D15,0) -> 2395 | G15: x | H15: =if(and(G14="",G19="x"),"Price Reduced with Dual Top Group (AEN)",if(and(G14="x",G15="x"),"Only 1; Black Hard-Top (HT1) or Body Color Hard-Top (HT3)",""))
A16: MM3 | B16: Body-Color Fender Flares 2-Pc | C16: 626 | D16: 695 | E16: =IF(G16="x",C16,0) -> 0 | F16: =IF(G16="x",D16,0) -> 0
A17: CMD | B17: Cargo Management Group With Trail Rail System | C17: 806 | D17: 895 | E17: =IF(G17="x",C17,0) -> 0 | F17: =IF(G17="x",D17,0) -> 0
A18: ADE | B18: Cold Weather Group | C18: =if(or(G4="x",G5="x"),896,626) -> 896 | D18: =if(or(G4="x",G5="x"),995,695) -> 995 | E18: =IF(G18="x",C18,0) -> 896 | F18: =IF(G18="x",D18,0) -> 995 | G18: x
A19: AEN | B19: Dual Top Group | C19: 2156 | D19: 2395 | E19: =IF(G19="x",C19,0) -> 0 | F19: =IF(G19="x",D19,0) -> 0 | H19: =if(and(G19="x",G29="",G38="",G39=""),"Requires Tonneau option; Roll-Up (CSD), Hard Tri-Fold (CSU) or Soft Tri-Fold (CT6)","")
A20: NHK | B20: Engine Block Heater | C20: 86 | D20: 95 | E20: =IF(G20="x",C20,0) -> 0 | F20: =IF(G20="x",D20,0) -> 0
A21: CHD | B21: Hardtop Headliner | C21: 500 | D21: 555 | E21: =IF(G21="x",C21,0) -> 0 | F21: =IF(G21="x",D21,0) -> 0 | H21: =if(and(G21="x",G14="",G15=""),"Requires Black Hard-Top (HT1) or Body Color Hard-Top (HT3)","")
A22: XNY | B22: Integrated Trailcam Off-Road Camera | C22: 536 | D22: 595 | E22: =IF(G22="x",C22,0) -> 0 | F22: =IF(G22="x",D22,0) -> 0 | H22: =if(and(G22="x",or(G9="",G24="")),"Requires LED Lighting Group (AD6) and 8.4 Radio (AEK)","")
A23: XWX | B23: Jeep Trail Rated Kit | C23: 180 | D23: 200 | E23: =IF(G23="x",C23,0) -> 0 | F23: =IF(G23="x",D23,0) -> 0
A24: AD6 | B24: LED Lighting Group | C24: 1166 | D24: 1295 | E24: =IF(G24="x",C24,0) -> 0 | F24: =IF(G24="x",D24,0) -> 0
A25: TWG | B25: LT285/70R17C BSW M/T Tires | C25: 0 | D25: 0 | E25: =IF(G25="x",C25,0) -> 0 | F25: =IF(G25="x",D25,0) -> 0 | G25: x
A26: STB | B26: Premium Black Sunrider Soft Top | C26: =if(G19="x",0,536) -> 536 | D26: =if(G19="x",0,595) -> 595 | E26: =IF(G26="x",C26,0) -> 0 | F26: =IF(G26="x",D26,0) -> 0 | H26: =if(and(G26="",G19="x"),"Included w/ Dual Top Group (AEN)", if(and(G26="x",G19="",or(G14="x",G15="x")),"N/A w/ Black Hard-Top (HT1) or Body Color Hard-Top (HT3)",""))
A27: GXD | B27: Remote Proximitry Keyless Entry | C27: 490 | D27: 545 | E27: =IF(G27="x",C27,0) -> 0 | F27: =IF(G27="x",D27,0) -> 0
A28: XBM | B28: Remote Start System | C28: =if(G18="x",0,446) -> 0 | D28: =if(G18="x",0,495) -> 0 | E28: =IF(G28="x",C28,0) -> 0 | F28: =IF(G28="x",D28,0) -> 0 | G28: x | H28: =if(and(G28="x",G4="",G5=""),"Requires Automatic Transmission (DFT) or (DFV)",if(G18="x","Included w/ Cold Weather Group (ADE)", "")) -> Included w/ Cold Weather Group (ADE)
A29: CSD | B29: Roll-Up Tonneau Cover | C29: 536 | D29: 595 | E29: =IF(G29="x",C29,0) -> 0 | F29: =IF(G29="x",D29,0) -> 0 | H29: =if(and(G29="x",or(G38="x",G39="x")),"N/A w/ Hard Tri-Fold (CSU) or Soft Tri-Fold (CT6) Tonneau","")
A30: AJ1 | B30: Safety Group | C30: =if(G24="X",806,896) -> 896 | D30: =if(G24="X",895,995) -> 995 | E30: =IF(G30="x",C30,0) -> 0 | F30: =IF(G30="x",D30,0) -> 0 | H30: =if(and(G30="x",G24=""),"Price Reduced with LED Lighting GroupAD6","")
A31: AWS | B31: Smoker's Group | C31: 27 | D31: 30 | E31: =IF(G31="x",C31,0) -> 0 | F31: =IF(G31="x",D31,0) -> 0
A32: CWJ | B32: Soft Top Window Storage Bag | C32: 68 | D32: 75 | E32: =IF(G32="x",C32,0) -> 0 | F32: =IF(G32="x",D32,0) -> 0 | H32: =if(and(G32="x",G26=""),"Requires Soft Top (STB)","")
A33: XMF | B33: Spray-In Bedliner | C33: 446 | D33: 495 | E33: =IF(G33="x",C33,0) -> 446 | F33: =IF(G33="x",D33,0) -> 495 | G33: x
A34: MC6 | B34: Steel Front Bumper | C34: 760 | D34: 845 | E34: =IF(G34="x",C34,0) -> 0 | F34: =IF(G34="x",D34,0) -> 0 | H34: =if(and(G34="x",G24=""),"Requires LED Lighting Group (AD6)","")
A35: ABR | B35: Trailer Tow Package | C35: 316 | D35: 350 | E35: =IF(G35="x",C35,0) -> 316 | F35: =IF(G35="x",D35,0) -> 350 | G35: x
A36: RSJ | B36: Wireless Blutooth Speaker | C36: 266 | D36: 295 | E36: =IF(G36="x",C36,0) -> 0 | F36: =IF(G36="x",D36,0) -> 0 | H36: =if(and(G36="x",G12=""),"Requires Alpine Audio System (RC4)","")
A37: ALX9/ALTV | B37: Leather Trimmed Bucket Seats | C37: 1436 | D37: 1595 | E37: =IF(G37="x",C37,0) -> 0 | F37: =IF(G37="x",D37,0) -> 0
A38: CSU | B38: Mopar Hard Tri-fold Tonneau Cover | C38: 896 | D38: 995 | E38: =IF(G38="x",C38,0) -> 0 | F38: =IF(G38="x",D38,0) -> 0 | H38: =if(AND(G38="x",or(G29="x",G39="x")),"N/A with Roll-Up (CSD) or Soft Tri-fold (CT6) Tonneau","")
A39: CT6 | B39: Mopar Soft Tri-fold Tonneau Cover | C39: 563 | D39: 625 | E39: =IF(G39="x",C39,0) -> 0 | F39: =IF(G39="x",D39,0) -> 0 | H39: =if(AND(G39="x",or(G29="x",G38="x")),"N/A with Roll-Up (CSD) or Hard Tri-fold (CSU) Tonneau","")
B40: "Non-White" Paint Color Surcharge | C40: 220 | D40: 245 | E40: =IF(G40="x",C40,0) -> 220 | F40: =IF(G40="x",D40,0) -> 245 | G40: x | H40: Required for any color other than White
B41: ='Mopar Add-Ons'!B24 -> Total Mopar Add-On Cost | E41: ='Mopar Add-Ons'!E24 -> 0 | F41: ='Mopar Add-Ons'!F24 -> 0 | H41: ='Mopar Add-Ons'!H24 -> Price pulled from sheet "Mopar Add-Ons"
B42: TOTAL | E42: =SUM(E3:E41) -> 48162 | F42: =SUM(F3:F41) -> 50835
B43: Jeep.com Configurator Price | F43: =F42+E58 -> 85209.415
H44: "Go OVER Anything That Gets in Your Way."
B45: MSRP | D45: =F42 -> 50835 | F45: Pick ONE (1) of the values calculated in column D and enter the letter X into the corresponding cell on the right (column E). | H45: Rubicon Additions Include:
B46: Invoice | D46: =E42 -> 48162 | E46: x | H46: * Beefy Hood
B47: % Below Invoice | C47: 0.03 | D47: =E42*(1-C47) -> 46717.14 | H47: * Low Gear Transfer Case (crawl mode)
B48: Custom | H48: * Improved, lifted suspension
B49: Price + Destination Charge | D49: 1495 | E49: =(((SUM(((IF(E45="x",D45,0))+IF(E46="x",D46,0))+IF(E47="x",D47,0))+(IF(E48="x",D48,0))))+D49) -> 49657 | H49: * Front & Rear Lockers
B50: Trade In (if applicable) | F50: Enter trade-in value or leave blank. | H50: * Electronic Sway-Bar Disconnects
B51: Downpayment (if applicable) | E51: 20000 | F51: Enter downpayment or leave blank. | H51: * Steel Front/Rear Bumpers
B52: Dealer Fees (if applicable) | F52: Enter dealer fees or leave blank. | H52: * Steel Skid Plate
B53: Other Costs (if applicable) | F53: Enter other costs or leave blank. | H53: * Unique Interior
B54: Taxes (if applicable) | D54: 0.095 | E54: =(E49-E50+E52+E53)*D54 -> 4717.415 | F54: Enter tax rate in Column D | H54: * Red accents on dash
B55: FINAL TOTAL | E55: =sum(E49-E50-E51+E52+E53+E54) -> 34374.415 | H55: * Rubicon badged seats
H56: * Unique Exterior
C57: FINANCING | H57: * Red accents
C58: Amount | E58: =E55 -> 34374.415 | F58: Auto fills from FINAL TOTAL. | H58: * Rubicon Badging
C59: Rate | E59: 0.029 | F59: Enter rate (will auto convert to %). | H59: * High Clearance Fenders
C60: Length (months) | E60: 72 | F60: Enter total months to pay off loan.
C61: MONTHLY PYMT | E61: =PMT(E59/12,E60,-E58) -> 520.73731
H63: Last Updated October 21st, 2020

Sheet Financing
A1: Purchase
A2: MSRP | C2: =#REF! -> #REF! | E2: Pick ONE (1) of the values calculated in column D and enter the letter X into the corresponding cell on the right (column E).
A3: Invoice | C3: =#REF! -> #REF!
A4: % Below Invoice | B4: 0.03 | C4: =#REF!*(1-B4) -> #REF!
A5: Custom
A6: Price + Destination Charge | C6: 1495 | D6: =(((SUM(((IF(D2="x",C2,0))+IF(D3="x",C3,0))+IF(D4="x",C4,0))+(IF(D5="x",C5,0))))+C6) -> 1495
A7: Trade In (if applicable) | E7: Enter trade-in value or leave blank.
A8: Downpayment (if applicable) | E8: Enter downpayment or leave blank.
A9: Dealer Fees (if applicable) | E9: Enter dealer fees or leave blank.
A10: Other Costs (if applicable) | E10: Enter other costs or leave blank.
A11: Taxes (if applicable) | C11: 0.085 | D11: =(D6-D7+D9+D10)*C11 -> 127.075 | E11: Enter tax rate in Column D
A12: FINAL TOTAL | D12: =sum(D6-D7-D8+D9+D10+D11) -> 1622.075
B14: FINANCING
B15: Amount | D15: =D12 -> 1622.075 | E15: Auto fills from FINAL TOTAL.
B16: Rate | D16: 0.049 | E16: Enter rate (will auto convert to %).
B17: Length (months) | D17: 72 | E17: Enter total months to pay off loan.
B18: MONTHLY PYMT | D18: =PMT(D16/12,D17,-D15) -> 26.048234
A26: Lease | B26: Enter your values in the yellow fields
A27: MSRP | B27: 49000 | C27: Enter MSRP
A28: Residual % | B28: 0.65 | C28: Get this from your Dealer
A29: Residual Value | B29: =B27*B28 -> 31850 | C29: Automatically Calculated
A30: Sales Price | B30: 46000
A31: Fees | B31: 500
A32: Gross Cap Cost | B32: =B30+B31 -> 46500 | C32: Automatically Calculated
A33: Trade In | B33: 0
A34: Down Payment/Rebates | B34: 1000
A35: Adjusted Cap Cost | B35: =B32-B33-B34 -> 45500 | C35: Automatically Calculated
A36: Depreciation | B36: =B35-B29 -> 13650 | C36: Automatically Calculated
A37: Lease Term | B37: 36
A38: Base Payment | B38: =B36/B37 -> 379.16667 | C38: Automatically Calculated
A39: Money Factor | B39: 0.00166666
A40: Rent Charge | B40: =(B29+B35)*B39 -> 128.91615 | C40: Automatically Calculated
A41: Pretax Lease Payment | B41: =B38+B40 -> 508.08282 | C41: Automatically Calculated
A42: Sales Tax Rate | B42: 0.03 | C42: Enter Tax Rate in Column B
A43: Lease Payment | B43: =B41*(1+B42) -> 523.3253 | C43: Automatically Calculated

Sheet Overland
B1: To Edit, Open File Menu and choose "Make a Copy" | H1: Buy Me a cup of Coffee (or something)
A2: Code | B2: Option | C2: Invoice | D2: MSRP | E2: Extended Invoice | F2: Extended MSRP | G2: Build | H2: Enter X within the Build column (G4-38) by each desired feature.
A3: 2_G | B3: JT OVERLAND | C3: 38675 | D3: 40415 | E3: =IF(G3="x",C3,0) -> 38675 | F3: =IF(G3="x",D3,0) -> 40415 | G3: x | H3: Notes/Requirements
A4: DFT | B4: 8-Speed Automatic 850Re Transmission | C4: 1800 | D4: 2000 | E4: =IF(G4="x",C4,0) -> 1800 | F4: =IF(G4="x",D4,0) -> 2000 | G4: x | H4: =if(and(G4="x",G5="x"),"N/A with multiple Transmission selections","")
A5: DFV | B5: 8-Speed Automatic 8HP75 Transmission | C5: 1800 | D5: 2000 | E5: =IF(G5="x",C5,0) -> 0 | F5: =IF(G5="x",D5,0) -> 0 | H5: =if(and(G5="x",G7=""),"Requires V6 Turbo","")
A6: EXJ | B6: 3.0L V6 Turbo Diesel Engine w/ESS | C6: 3600 | D6: 4000 | E6: =IF(G6="x",C6,0) -> 0 | F6: =IF(G6="x",D6,0) -> 0 | H6: =if(and(G6="x",G33=""),"Requires DFV 8-Speed Transmission","")
A7: AEK | B7: 8.4" Radio and Premium Audio Group | C7: =if(G23="X",0,1706) -> 1706 | D7: =if(G23="X",0,1895) -> 1895 | E7: =IF(G7="x",C7,0) -> 0 | F7: =IF(G7="x",D7,0) -> 0
A8: ALP | B8: Advanced Safety Group | C8: 716 | D8: 795 | E8: =IF(G8="x",C8,0) -> 0 | F8: =IF(G8="x",D8,0) -> 0 | H8: =if(and(G8="x",G28=""),"Requires Safety Group (AJ1)","")
A9: CWA | B9: All Weather Slush Mats | C9: 149 | D9: 165 | E9: =IF(G9="x",C9,0) -> 0 | F9: =IF(G9="x",D9,0) -> 0
A10: RC4 | B10: Alpine Premium Audio System | C10: =if(G7="x",0,1166) -> 1166 | D10: =if(G7="x",0,1295) -> 1295 | E10: =IF(G10="x",C10,0) -> 0 | F10: =IF(G10="x",D10,0) -> 0 | H10: =if(G7="x","Included with Premium Audio Group","")
A11: DSA | B11: Anti-Spin Rear Differential (Trac-Lok) | C11: =if(G6="x",0,536) -> 536 | D11: =if(G6="x",0,595) -> 595 | E11: =IF(G11="x",C11,0) -> 0 | F11: =IF(G11="x",D11,0) -> 0 | H11: =if(G6="x","Included with V6 Turbo Diesel (EXJ)","")
A12: AM2 | B12: Auxiliary Switch Group | C12: 266 | D12: 295 | E12: =IF(G12="x",C12,0) -> 0 | F12: =IF(G12="x",D12,0) -> 0
A13: HT1 | B13: Black 3-Piece Hard Top | C13: =if(or(G17="x",G23="x"),0,1256) -> 1256 | D13: =if(or(G17="x",G23="x"),0,1395) -> 1395 | E13: =IF(G13="x",C13,0) -> 0 | F13: =IF(G13="x",D13,0) -> 0 | H13: =if(and(G13="",G18="x"),"Included with Dual Top Group (AEN)",if(and(G13="x",G14="x"),"Only 1; Black Hard-Top (HT1) or Body Color Hard-Top (HT3)",""))
A14: HT3 | B14: Body Color 3-Piece Hard Top | C14: =if(or(G9="x",G10="x"),1080,2156) -> 2156 | D14: =if(or(G9="x",G10="x"),1200,2395) -> 2395 | E14: =IF(G14="x",C14,0) -> 0 | F14: =IF(G14="x",D14,0) -> 0 | H14: =if(and(G13="",G17="x"),"Price Reduced with Dual Top Group (AEN)",if(and(G13="x",G14="x"),"Only 1; Black Hard-Top (HT1) or Body Color Hard-Top (HT3)",""))
A15: CMD | B15: Cargo Management Group With Trail Rail System | C15: 806 | D15: 895 | E15: =IF(G15="x",C15,0) -> 0 | F15: =IF(G15="x",D15,0) -> 0
A16: ADE | B16: Cold Weather Group | C16: =if(or(G4="x",G5="x"),896,626) -> 896 | D16: =if(or(G4="x",G5="x"),995,695) -> 995 | E16: =IF(G16="x",C16,0) -> 0 | F16: =IF(G16="x",D16,0) -> 0
A17: AEN | B17: Dual Top Group | C17: =if(G23="x",990,2156) -> 2156 | D17: =if(G23="x",1100,2395) -> 2395 | E17: =IF(G17="x",C17,0) -> 0 | F17: =IF(G17="x",D17,0) -> 0 | H17: =if(and(G17="x",G27="",G36="",G37=""),"Requires Tonneau option; Roll-Up (CSD), Hard Tri-Fold (CSU) or Soft Tri-Fold (CT6)","")
A18: NHK | B18: Engine Block Heater | C18: 86 | D18: 95 | E18: =IF(G18="x",C18,0) -> 0 | F18: =IF(G18="x",D18,0) -> 0
A19: CHD | B19: Hardtop Headliner | C19: 500 | D19: 555 | E19: =IF(G19="x",C19,0) -> 0 | F19: =IF(G19="x",D19,0) -> 0 | H19: =if(and(G19="x",AND(G13="",G14="")),"Requires Body Color (HT3) or Black (HT1) Hardtop","")
A20: XNY | B20: Integrated Off-Road Camera | C20: 536 | D20: 595 | E20: =IF(G20="x",C20,0) -> 0 | F20: =IF(G20="x",D20,0) -> 0 | H20: =if(and(G20="x",or(G22="",G7="")),"Requires LED Lighting (AD6) and 8.4 Radio (AEK)","")
A21: XWX | B21: Jeep Trail Rated Kit | C21: 180 | D21: 200 | E21: =IF(G21="x",C21,0) -> 0 | F21: =IF(G21="x",D21,0) -> 0
A22: AD6 | B22: LED Lighting Group | C22: 1166 | D22: 1295 | E22: =IF(G22="x",C22,0) -> 0 | F22: =IF(G22="x",D22,0) -> 0
A23: AEH | B23: Popular Equipment Package | C23: 2696 | D23: 2995 | E23: =IF(G23="x",C23,0) -> 0 | F23: =IF(G23="x",D23,0) -> 0 | H23: =if(G23="x","Includes Premium Audio (AEK), Black Hard-Top (HT1), Trailer Tow (ABR) and Leather Seats (MLTV/MLX9)","")
A24: STB | B24: Premium Blk Sunrider Soft Top | C24: =if(G17="x",0,536) -> 536 | D24: =if(G17="x",0,595) -> 595 | E24: =IF(G24="x",C24,0) -> 0 | F24: =IF(G24="x",D24,0) -> 0 | H24: =if(G17="x","Included with Dual Top Group (AEN)","")
A25: GXD | B25: Remote Proximitry Keyless Entry | C25: 490 | D25: 545 | E25: =IF(G25="x",C25,0) -> 0 | F25: =IF(G25="x",D25,0) -> 0
A26: XBM | B26: Remote Start System | C26: =if(G16="x",0,446) -> 446 | D26: =if(G16="x",0,495) -> 495 | E26: =IF(G26="x",C26,0) -> 0 | F26: =IF(G26="x",D26,0) -> 0 | H26: =if(G26="x",if(AND(G4="",G5=""),"Requires Automatic Transmission (DFT) or (DFV).",if(G16="x","Included with Cold Weather (ADE)","")),"")
A27: CSD | B27: Roll-Up Tonneau Cover | C27: 536 | D27: 595 | E27: =IF(G27="x",C27,0) -> 0 | F27: =IF(G27="x",D27,0) -> 0 | H27: =if(and(G27="x",or(G36="x",G37="x")),"N/A with Other Tonneau Options","")
A28: AJ1 | B28: Safety Group | C28: =if(G22="X",806,896) -> 896 | D28: =if(G22="X",895,995) -> 995 | E28: =IF(G28="x",C28,0) -> 0 | F28: =IF(G28="x",D28,0) -> 0 | H28: =if(G22="x","Price Reduced with LED Lighting Group (AD6)","")
A29: DHP | B29: Selec-Trac Full TIme 4WD System | C29: 626 | D29: 695 | E29: =IF(G29="x",C29,0) -> 0 | F29: =IF(G29="x",D29,0) -> 0 | H29: =if(and(G4="",G5=""),"Requires 8-Speed Automatic 850Re Transmission (DFT)","")
A30: AWS | B30: Smoker's Group | C30: 27 | D30: 30 | E30: =IF(G30="x",C30,0) -> 0 | F30: =IF(G30="x",D30,0) -> 0
A31: CWJ | B31: Soft Top Window Storage Bag | C31: 68 | D31: 75 | E31: =IF(G31="x",C31,0) -> 0 | F31: =IF(G31="x",D31,0) -> 0 | H31: =if(and(G31="x",G24=""),"Requires Premium Soft Top (STB)","")
A32: XMF | B32: Spray-In Bedliner | C32: 446 | D32: 495 | E32: =IF(G32="x",C32,0) -> 0 | F32: =IF(G32="x",D32,0) -> 0
A33: ABR | B33: Trailer Tow Package | C33: =if(G23="X",0,316) -> 316 | D33: =if(G23="X",0,350) -> 350 | E33: =IF(G33="x",C33,0) -> 0 | F33: =IF(G33="x",D33,0) -> 0
A34: RSJ | B34: Wireless Blutooth Speaker | C34: 266 | D34: 295 | E34: =IF(G34="x",C34,0) -> 0 | F34: =IF(G34="x",D34,0) -> 0 | H34: =if(G34="x",if(or($G$32="x",$G$9="x"),"","Requires Alpine Premium Audio (RC4)or 8.4 Radio (AEK)"),"")
A35: MLTV/MLX9 | B35: Leather Trimmed Bucket Seats | C35: =if(G23="x",0,1436) -> 1436 | D35: =if(G23="x",0,1595) -> 1595 | E35: =IF(G35="x",C35,0) -> 0 | F35: =IF(G35="x",D35,0) -> 0
A36: CSU | B36: Mopar Hard Tri-fold Tonneau Cover | C36: 896 | D36: 995 | E36: =IF(G36="x",C36,0) -> 0 | F36: =IF(G36="x",D36,0) -> 0 | H36: =if(and(G27="x",or(G36="x",G37="x")),"N/A with Other Tonneau Options","")
A37: CT6 | B37: Mopar Soft Tri-fold Tonneau Cover | C37: 530 | D37: 595 | E37: =IF(G37="x",C37,0) -> 0 | F37: =IF(G37="x",D37,0) -> 0 | H37: =if(and(G27="x",or(G36="x",G37="x")),"N/A with Other Tonneau Options","")
B38: Non-White Paint Color Surcharge | C38: 220 | D38: 245 | E38: =IF(G38="x",C38,0) -> 0 | F38: =IF(G38="x",D38,0) -> 0 | H38: Required for any color other than White
B39: ='Mopar Add-Ons'!B24 -> Total Mopar Add-On Cost | E39: ='Mopar Add-Ons'!E24 -> 0 | F39: ='Mopar Add-Ons'!F24 -> 0 | H39: ='Mopar Add-Ons'!H24 -> Price pulled from sheet "Mopar Add-Ons"
B40: TOTAL | E40: =SUM(E3:E39) -> 40475 | F40: =SUM(F3:F39) -> 42415
B41: Jeep.com Configurator Price | F41: =F40+E56 -> 44037.075
H42: Daily Driver that can go offroad, staying comfortable either way.
B43: MSRP | D43: =F40 -> 42415 | F43: Pick ONE (1) of the values calculated in column D and enter the letter X into the corresponding cell on the right (column E). | H43: Overland Additions Include:
B44: Invoice | D44: =E40 -> 40475 | H44: * Body Color Top & Fenders
B45: % Below Invoice | C45: 0.03 | D45: =E40*(1-C45) -> 39260.75
B46: Custom
B47: Price + Destination Charge | D47: 1495 | E47: =(((SUM(((IF(E43="x",D43,0))+IF(E44="x",D44,0))+IF(E45="x",D45,0))+(IF(E46="x",D46,0))))+D47) -> 1495
B48: Trade In (if applicable) | F48: Enter trade-in value or leave blank.
B49: Downpayment (if applicable) | F49: Enter downpayment or leave blank.
B50: Dealer Fees (if applicable) | F50: Enter dealer fees or leave blank.
B51: Other Costs (if applicable) | F51: Enter other costs or leave blank.
B52: Taxes (if applicable) | D52: 0.085 | E52: =(E47-E48+E50+E51)*D52 -> 127.075 | F52: Enter tax rate in Column D
B53: FINAL TOTAL | E53: =sum(E47-E48-E49+E50+E51+E52) -> 1622.075
C55: FINANCING
C56: Amount | E56: =E53 -> 1622.075 | F56: Auto fills from FINAL TOTAL.
C57: Rate | E57: 0.049 | F57: Enter rate (will auto convert to %).
C58: Length (months) | E58: 72 | F58: Enter total months to pay off loan.
C59: MONTHLY PYMT | E59: =PMT(E57/12,E58,-E56) -> 26.048234
H61: Last Updated October 21st, 2020

Sheet High Altitude
B1: To Edit, Open File Menu and choose "Make a Copy" | H1: Buy Me a cup of Coffee (or something)
A2: Code | B2: Option | C2: Invoice | D2: MSRP | E2: Extended Invoice | F2: Extended MSRP | G2: Build | H2: Enter X within the Build column (G4-37) by each desired feature.
A3: 2_G | B3: JT OVERLAND | C3: 48669 | D3: 51520 | E3: =IF(G3="x",C3,0) -> 48669 | F3: =IF(G3="x",D3,0) -> 51520 | G3: x | H3: Notes/Requirements
A4: DFT | B4: 8-Speed Automatic 850Re Transmission | C4: 0 | D4: 0 | E4: =IF(G4="x",C4,0) -> 0 | F4: =IF(G4="x",D4,0) -> 0 | H4: =if(and(G4="x",G5="x"),"N/A with multiple Transmission selections","")
A5: DFV | B5: 8-Speed Automatic 8HP75 Transmission | C5: 0 | D5: 0 | E5: =IF(G5="x",C5,0) -> 0 | F5: =IF(G5="x",D5,0) -> 0 | H5: =if(and(G5="x",G7=""),"Requires V6 Turbo","")
A6: EXJ | B6: 3.0L V6 Turbo Diesel Engine w/ESS | C6: 3600 | D6: 4000 | E6: =IF(G6="x",C6,0) -> 0 | F6: =IF(G6="x",D6,0) -> 0 | H6: =if(and(G6="x",G5=""),"Requires DFV 8-Speed Transmission","")
A7: AEK | B7: 8.4" Radio and Premium Audio Group | C7: 0 | D7: 0 | E7: =IF(G7="x",C7,0) -> 0 | F7: =IF(G7="x",D7,0) -> 0 | G7: x | H7: Included with High Altitude
A8: ALP | B8: Advanced Safety Group | C8: 716 | D8: 795 | E8: =IF(G8="x",C8,0) -> 0 | F8: =IF(G8="x",D8,0) -> 0 | H8: =if(and(G8="x",G28=""),"Requires Safety Group (AJ1)","")
A9: CWA | B9: All Weather Slush Mats | C9: 149 | D9: 165 | E9: =IF(G9="x",C9,0) -> 0 | F9: =IF(G9="x",D9,0) -> 0
A10: RC4 | B10: Alpine Premium Audio System | C10: =if(G7="x",0,1166) -> 0 | D10: =if(G7="x",0,1295) -> 0 | E10: =IF(G10="x",C10,0) -> 0 | F10: =IF(G10="x",D10,0) -> 0 | G10: x | H10: Included with High Altitude
A11: DSA | B11: Anti-Spin Rear Differential (Trac-Lok) | C11: =if(G6="x",0,536) -> 536 | D11: =if(G6="x",0,595) -> 595 | E11: =IF(G11="x",C11,0) -> 0 | F11: =IF(G11="x",D11,0) -> 0 | H11: =if(G6="x","Included with V6 Turbo Diesel (EXJ)","")
A12: AM2 | B12: Auxiliary Switch Group | C12: 266 | D12: 295 | E12: =IF(G12="x",C12,0) -> 0 | F12: =IF(G12="x",D12,0) -> 0
A13: HT1 | B13: Black 3-Piece Hard Top | C13: =if(G17="x",0,1256) -> 1256 | D13: =if(G17="x",0,1395) -> 1395 | E13: =IF(G13="x",C13,0) -> 0 | F13: =IF(G13="x",D13,0) -> 0 | H13: =if(and(G13="",G18="x"),"Included with Dual Top Group (AEN)",if(and(G13="x",G14="x"),"Only 1; Black Hard-Top (HT1) or Body Color Hard-Top (HT3)",""))
A14: HT3 | B14: Body Color 3-Piece Hard Top | C14: 0 | D14: 0 | E14: =IF(G14="x",C14,0) -> 0 | F14: =IF(G14="x",D14,0) -> 0 | G14: x | H14: Included with High Altitude
A15: CMD | B15: Cargo Management Group With Trail Rail System | C15: 806 | D15: 895 | E15: =IF(G15="x",C15,0) -> 0 | F15: =IF(G15="x",D15,0) -> 0
A16: ADE | B16: Cold Weather Group | C16: =if(or(G4="x",G5="x"),896,626) -> 626 | D16: =if(or(G4="x",G5="x"),995,695) -> 695 | E16: =IF(G16="x",C16,0) -> 0 | F16: =IF(G16="x",D16,0) -> 0
A17: AEN | B17: Dual Top Group | C17: =if(G18="x",990,2156) -> 2156 | D17: =if(G18="x",1100,2395) -> 2395 | E17: =IF(G17="x",C17,0) -> 0 | F17: =IF(G17="x",D17,0) -> 0 | H17: =if(and(G17="x",G26="",G35="",G36=""),"Requires Tonneau option; Roll-Up (CSD), Hard Tri-Fold (CSU) or Soft Tri-Fold (CT6)","")
A18: NHK | B18: Engine Block Heater | C18: 86 | D18: 95 | E18: =IF(G18="x",C18,0) -> 0 | F18: =IF(G18="x",D18,0) -> 0
A19: CHD | B19: Hardtop Headliner | C19: 500 | D19: 555 | E19: =IF(G19="x",C19,0) -> 0 | F19: =IF(G19="x",D19,0) -> 0 | H19: =if(and(G19="x",AND(G13="",G14="")),"Requires Body Color (HT3) or Black (HT1) Hardtop","")
A20: XNY | B20: Integrated Off-Road Camera | C20: 536 | D20: 595 | E20: =IF(G20="x",C20,0) -> 0 | F20: =IF(G20="x",D20,0) -> 0 | H20: =if(and(G20="x",or(G22="",G7="")),"Requires LED Lighting (AD6) and 8.4 Radio (AEK)","")
A21: XWX | B21: Jeep Trail Rated Kit | C21: 180 | D21: 200 | E21: =IF(G21="x",C21,0) -> 0 | F21: =IF(G21="x",D21,0) -> 0
A22: AD6 | B22: LED Lighting Group | C22: 0 | D22: 0 | E22: =IF(G22="x",C22,0) -> 0 | F22: =IF(G22="x",D22,0) -> 0 | G22: x | H22: Included with High Altitude
A23: STB | B23: Premium Blk Sunrider Soft Top | C23: =if(G17="x",0,536) -> 536 | D23: =if(G17="x",0,595) -> 595 | E23: =IF(G23="x",C23,0) -> 0 | F23: =IF(G23="x",D23,0) -> 0 | H23: =if(G17="x","Included with Dual Top Group (AEN)","")
A24: GXD | B24: Remote Proximitry Keyless Entry | C24: 0 | D24: 0 | E24: =IF(G24="x",C24,0) -> 0 | F24: =IF(G24="x",D24,0) -> 0 | G24: x | H24: Included with High Altitude
A25: XBM | B25: Remote Start System | C25: =if(G16="x",0,490) -> 490 | D25: =if(G16="x",0,545) -> 545 | E25: =IF(G25="x",C25,0) -> 0 | F25: =IF(G25="x",D25,0) -> 0 | H25: =if(G25="x",if(AND(G4="",G5=""),"Requires Automatic Transmission (DFT) or (DFV).",if(G16="x","Included with Cold Weather (ADE)","")),"")
A26: CSD | B26: Roll-Up Tonneau Cover | C26: 536 | D26: 595 | E26: =IF(G26="x",C26,0) -> 0 | F26: =IF(G26="x",D26,0) -> 0 | H26: =if(and(G26="x",or(G35="x",G36="x")),"N/A with Other Tonneau Options","")
A27: AJ1 | B27: Safety Group | C27: 0 | D27: 0 | E27: =IF(G27="x",C27,0) -> 0 | F27: =IF(G27="x",D27,0) -> 0 | G27: x | H27: Included with High Altitude
A28: DHP | B28: Selec-Trac Full TIme 4WD System | C28: 626 | D28: 695 | E28: =IF(G28="x",C28,0) -> 0 | F28: =IF(G28="x",D28,0) -> 0 | H28: =if(G4="","Requires 8-Speed Automatic 850Re Transmission (DFT)","") -> Requires 8-Speed Automatic 850Re Transmission (DFT)
A29: AWS | B29: Smoker's Group | C29: 27 | D29: 30 | E29: =IF(G29="x",C29,0) -> 0 | F29: =IF(G29="x",D29,0) -> 0
A30: CWJ | B30: Soft Top Window Storage Bag | C30: 68 | D30: 75 | E30: =IF(G30="x",C30,0) -> 0 | F30: =IF(G30="x",D30,0) -> 0 | H30: =if(and(G30="x",G23=""),"Requires Premium Soft Top (STB)","")
A31: XMF | B31: Spray-In Bedliner | C31: 446 | D31: 495 | E31: =IF(G31="x",C31,0) -> 0 | F31: =IF(G31="x",D31,0) -> 0
A32: ABR | B32: Trailer Tow Package | C32: 316 | D32: 350 | E32: =IF(G32="x",C32,0) -> 0 | F32: =IF(G32="x",D32,0) -> 0
A33: RSJ | B33: Wireless Blutooth Speaker | C33: 266 | D33: 295 | E33: =IF(G33="x",C33,0) -> 0 | F33: =IF(G33="x",D33,0) -> 0 | H33: =if(G33="x",if(or($G$31="x",$G$9="x"),"","Requires Alpine Premium Audio (RC4)or 8.4 Radio (AEK)"),"")
A34: MLTV/MLX9 | B34: Leather Trimmed Bucket Seats | C34: 0 | D34: 0 | E34: =IF(G34="x",C34,0) -> 0 | F34: =IF(G34="x",D34,0) -> 0 | G34: x | H34: Included with High Altitude
A35: CSU | B35: Mopar Hard Tri-fold Tonneau Cover | C35: 896 | D35: 995 | E35: =IF(G35="x",C35,0) -> 0 | F35: =IF(G35="x",D35,0) -> 0 | H35: =if(and(G26="x",or(G35="x",G36="x")),"N/A with Other Tonneau Options","")
A36: CT6 | B36: Mopar Soft Tri-fold Tonneau Cover | C36: 530 | D36: 595 | E36: =IF(G36="x",C36,0) -> 0 | F36: =IF(G36="x",D36,0) -> 0 | H36: =if(and(G26="x",or(G35="x",G36="x")),"N/A with Other Tonneau Options","")
B37: Non-White Paint Color Surcharge | C37: 220 | D37: 245 | E37: =IF(G37="x",C37,0) -> 0 | F37: =IF(G37="x",D37,0) -> 0 | H37: Required for any color other than White
B38: ='Mopar Add-Ons'!B24 -> Total Mopar Add-On Cost | E38: ='Mopar Add-Ons'!E24 -> 0 | F38: ='Mopar Add-Ons'!F24 -> 0 | H38: ='Mopar Add-Ons'!H24 -> Price pulled from sheet "Mopar Add-Ons"
B39: TOTAL | E39: =SUM(E3:E38) -> 48669 | F39: =SUM(F3:F38) -> 51520
B40: Jeep.com Configurator Price | F40: =F39+E55 -> 53142.075
H41: Daily Driver that can go offroad, staying comfortable either way.
B42: MSRP | D42: =F39 -> 51520 | F42: Pick ONE (1) of the values calculated in column D and enter the letter X into the corresponding cell on the right (column E). | H42: High Altitude Additions Include:
B43: Invoice | D43: =E39 -> 48669 | H43: * Body Color Top, Fenders and Bumpers
B44: % Below Invoice | C44: 0.03 | D44: =E39*(1-C44) -> 47208.93 | H44: * Safety Group
B45: Custom | H45: * 8.4" Radio & Premium Audio
B46: Price + Destination Charge | D46: 1495 | E46: =(((SUM(((IF(E42="x",D42,0))+IF(E43="x",D43,0))+IF(E44="x",D44,0))+(IF(E45="x",D45,0))))+D46) -> 1495 | H46: * LED Lighting
B47: Trade In (if applicable) | F47: Enter trade-in value or leave blank. | H47: * Leather Interior w/ Caramel Accents
B48: Downpayment (if applicable) | F48: Enter downpayment or leave blank. | H48: * Sport suspension
B49: Dealer Fees (if applicable) | F49: Enter dealer fees or leave blank. | H49: * Wide Front/Rear Axles (Rubicon Axles)
B50: Other Costs (if applicable) | F50: Enter other costs or leave blank.
B51: Taxes (if applicable) | D51: 0.085 | E51: =(E46-E47+E49+E50)*D51 -> 127.075 | F51: Enter tax rate in Column D
B52: FINAL TOTAL | E52: =sum(E46-E47-E48+E49+E50+E51) -> 1622.075
C54: FINANCING
C55: Amount | E55: =E52 -> 1622.075 | F55: Auto fills from FINAL TOTAL.
C56: Rate | E56: 0.049 | F56: Enter rate (will auto convert to %).
C57: Length (months) | E57: 72 | F57: Enter total months to pay off loan.
C58: MONTHLY PYMT | E58: =PMT(E56/12,E57,-E55) -> 26.048234
H60: Last Updated October 21st, 2020

Sheet Mopar Add-Ons
B1: Option | C1: Invoice | D1: MSRP | E1: Extended Invoice | F1: Extended MSRP | G1: Build | H1: Enter X within the Build column (G) by each desired feature.
A2: MRU | B2: Mopar Black Tubular Side Steps | C2: 563 | D2: 625 | E2: =IF(G2="x",C2,0) -> 0 | F2: =IF(G2="x",D2,0) -> 0
A3: M9B | B3: Mopar Body Side Gaphic Retro) | C3: 360 | D3: 400 | E3: =IF(G3="x",C3,0) -> 0 | F3: =IF(G3="x",D3,0) -> 0
A4: M9B | B4: Mopar Body Side Gaphic Star) | C4: 360 | D4: 400 | E4: =IF(G4="x",C4,0) -> 0 | F4: =IF(G4="x",D4,0) -> 0
A5: M9A | B5: Mopar Body Side Graphic Hex) | C5: 360 | D5: 400 | E5: =IF(G5="x",C5,0) -> 0 | F5: =IF(G5="x",D5,0) -> 0
A6: CLN | B6: Mopar Bright Door Sills | C6: 176 | D6: 195 | E6: =IF(G6="x",C6,0) -> 0 | F6: =IF(G6="x",D6,0) -> 0
A7: MRT | B7: Mopar Chrome Tubular Side Steps | C7: 67 | D7: 745 | E7: =IF(G7="x",C7,0) -> 0 | F7: =IF(G7="x",D7,0) -> 0
A8: JFF | B8: Mopar Cold Air Intake System | C8: 446 | D8: 495 | E8: =IF(G8="x",C8,0) -> 0 | F8: =IF(G8="x",D8,0) -> 0
A9: CSV | B9: Mopar Grab Handles | C9: 86 | D9: 95 | E9: =IF(G9="x",C9,0) -> 0 | F9: =IF(G9="x",D9,0) -> 0
A10: MMU | B10: Mopar HD Rock Slider w/ Step Assist | C10: 946 | D10: 1050 | E10: =IF(G10="x",C10,0) -> 0 | F10: =IF(G10="x",D10,0) -> 0
A11: M9E | B11: Mopar Hood Decal 1941) | C11: 220 | D11: 245 | E11: =IF(G11="x",C11,0) -> 0 | F11: =IF(G11="x",D11,0) -> 0
A12: M9D | B12: Mopar Hood Decal American Flag) | C12: 220 | D12: 245 | E12: =IF(G12="x",C12,0) -> 0 | F12: =IF(G12="x",D12,0) -> 0
A13: CS7 | B13: Mopar Mesh Sunbonnet Top | C13: 136 | D13: 150 | E13: =IF(G13="x",C13,0) -> 0 | F13: =IF(G13="x",D13,0) -> 0
... A22: CT9 | B22: Mopar Windshield Tie Down Strap | C22: 36 | D22: 40 | E22: =IF(G22="x",C22,0) -> 0 | F22: =IF(G22="x",D22,0) -> 0
B23: Unlisted Item | E23: =IF(G23="x",C23,0) -> 0 | F23: =IF(G23="x",D23,0) -> 0
B24: Total Mopar Add-On Cost | E24: =sum(E2:E23) -> 0 | F24: =sum(F2:F23) -> 0 | H24: Price pulled from sheet "Mopar Add-Ons"
B27: Updated July 13th, 2020

Sheet Release Notes
A1: To Edit, Open File Menu and choose "Make a Copy"
A2: 44197
A3: - Add "Freedom" & "Texas" editions
A4: - Update Feature Availability
A5: - Update Prices for Features
A6: - Add Finance Tab with sales & lease calculations
A8: October 7th, 2020
A9: - Price increase of ~$20 across all models
A10: - Added LED group for Sport S level trucks
A12: August 14th, 2020
A13: - Added 80th Anniversary
A16: August 11th, 2020
A17: - Updated Sport, WIllys Sport, Sport S, Willys, Rubicon, Mojave, Overland Prices
A18: - Added High Altitude
... A39: - Create master sheet with all options listing; option code, option name, option description and model code (see other sheet)
